 Dungeon Crawl Stone Soup version 0.13-a0-2505-g5f0fbe2 (webtiles) character file.

219625 Rycklaryybbe the Imperceptible (level 18, -3/128 HPs)
             Began as a Vampire Enchanter on July 23, 2013.
             Was the Champion of Kikubaaqudgha.
             Slain by a harpy (12 damage)
             ... on Level 4 of the Shoals on July 24, 2013.
             The game lasted 07:07:26 (70789 turns).

Rycklaryybbe the Imperceptible (Vampire Enchanter) Turns: 70789, Time: 07:07:26

HP  -3/128       AC 17     Str  9      XL: 18   Next: 73%
MP  36/37        EV 23     Int 20      God: Kikubaaqudgha [******]
Gold 3427        SH 14     Dex 16      Spells: 11 memorised,  5 levels left

Res.Fire  : . . .   See Invis. : +   W - +7,+6 quick blade (pain)
Res.Cold  : + . .   Warding    : .   n - +2 robe {MR+}
Life Prot.: + + .   Conserve   : +   G - +3 buckler {AC+3}
Res.Poison: +       Res.Corr.  : .   t - +2 helmet
Res.Elec. : .       Clarity    : .   L - +1 cloak {MR+}
Sust.Abil.: . .     Spirit.Shd : .   b - +0 pair of orc gloves
Res.Mut.  : .       Stasis     : .   u - +2 pair of boots
Res.Rott. : +       Flight     : .   y - amulet of conservation
Saprovore : . . .                    N - +4,+6 ring of slaying
                                     Q - ring of protection from magic

@: regenerating slowly, quick, extraordinarily resistant to hostile
enchantments, extremely stealthy
A: bottle blood, fangs 3, see invisible, unbreathing, AC +1, Int +1
a: Bat Form, Bottle Blood, Receive Corpses, Torment, Renounce Religion


You were on level 4 of the Shoals.
You worshipped Kikubaaqudgha.
Kikubaaqudgha was exalted by your worship.
You were thirsty.

You visited 8 branches of the dungeon, and saw 41 of its levels.
You also visited: Ice Cave.

You collected 4554 gold pieces.
You spent 1147 gold pieces at shops.

Inventory:

Hand weapons
 s - a +0,+1 dwarven short sword
 W - a +7,+6 quick blade of pain (weapon)
Missiles
 i - a throwing net [torn] (quivered)
Armour
 b - a +0 pair of orcish gloves (worn)
 n - a +2 robe of magic resistance (worn)
 t - a +2 helmet (worn)
 u - a +2 pair of boots (worn)
 G - a +3 buckler of protection (worn)
 L - a +1 cloak of magic resistance (worn)
 O - a +0 wizard hat of intelligence
Magical devices
 a - a wand of teleportation (2)
 e - a wand of fire (11)
 m - a wand of polymorph (11)
 r - a wand of digging (3)
 z - a wand of draining (4)
 P - a wand of hasting (1)
 R - a wand of disintegration (16)
Scrolls
 c - 2 scrolls of identify
 k - 3 scrolls of remove curse
 C - 4 scrolls of magic mapping
 E - 7 scrolls of teleportation
 H - 2 scrolls of torment
 J - 2 scrolls of recharging
 Y - 2 scrolls of silence
Jewellery
 d - a +4 ring of intelligence
 f - a +3 ring of protection
 q - an uncursed ring of protection from cold
 v - an uncursed ring of flight
 y - an amulet of conservation (around neck)
 A - a +2 ring of dexterity
 N - a +4,+6 ring of slaying (right hand)
 Q - a ring of protection from magic (left hand)
 X - an uncursed ring of protection from cold
Potions
 g - 6 potions of curing
 h - 6 potions of speed
 j - a potion of brilliance
 l - 2 potions of might
 o - a potion of resistance
 p - 3 potions of agility
 w - a potion of invisibility
 D - 3 potions of magic
 I - 2 potions of restore abilities
Miscellaneous
 F - a sack of spiders
 M - a box of beasts
 Z - a sack of spiders


   Skills:
 + Level 9.6 Fighting
 - Level 9.0 Short Blades
 - Level 0.7 Throwing
 - Level 15.0 Dodging
 * Level 25.3 Stealth
 - Level 5.0 Shields
 - Level 10.1 Spellcasting
 - Level 16.3 Hexes
 + Level 1.3 Charms
 - Level 15.7 Necromancy
 - Level 3.0 Ice Magic


You had 5 spell levels left.
You knew the following spells:

 Your Spells              Type           Power        Failure   Level  Hunger
a - Corona                Hex            ######.      0%          1    None
b - Ensorcelled Hibernat  Hex/Ice        #####.       1%          2    None
c - Confuse               Hex            ######..     1%          3    None
d - Sure Blade            Hex/Chrm       #####.....   1%          2    None
e - Pain                  Necr           ####         0%          1    None
f - Invisibility          Hex            ######..     1%          6    ######.
g - Agony                 Necr           ######..     1%          5    ####...
h - Animate Dead          Necr           N/A          1%          4    ##.....
i - Dispel Undead         Necr           ######..     1%          5    ####...
j - Apportation           Tloc           ##........   10%         1    None
k - Swiftness             Chrm/Air       ##........   10%         2    None


Dungeon Overview and Level Annotations

Branches:
Dungeon (19/27)            Temple (1/1) D:7             Orc (4/4) D:10
    Elf (1/3) Orc:4          Lair (8/8) D:9          Shoals (4/5) Lair:3
 Spider (1/5) Lair:3        Slime (0/6) Lair:7       Vaults (3/5) D:19
  Crypt (0/5) Vaults:3
  Blade: Vaults:3-4

Altars:
Ashenzari
Cheibriados
Elyvilon
Fedhas
Kikubaaqudgha
Makhleb
Nemelex Xobeh
Okawaru
Sif Muna
Trog
Vehumet
Xom
Yredelemnul
Zin
the Shining One

Shops:
D:11: (/[% D:16: * D:17: / Orc:1: ( Orc:4: (?}[ Vaults:2: / Vaults:3: *%(

Annotations
Vaults:2 exclusion: upstairs


Innate Abilities, Weirdness & Mutations

You heal slowly.
You can bottle blood from corpses.
You have razor-sharp teeth.*
You have supernaturally acute eyesight.
You can survive without breathing.*
You are partially covered in icy blue scales (AC +1).*
Your mind is acute (Int +1).
((You have an increased reservoir of magic (+10% MP).))+


Message History

You block the harpy's attack. The harpy closely misses you.
The harpy screeches!
You block the harpy's attack. You block the harpy's attack.
The harpy closely misses you. You block the harpy's attack.
The harpy misses you. The harpy completely misses you. The harpy misses you.
The harpy claws you.
* * * LOW HITPOINT WARNING * * *
The harpy lunges at you hungrily! The harpy completely misses you.
The harpy barely misses you.
Drink which item? (? for menu, Esc to quit)
Okay, then.
Evoke which item? (* to show all) (? for menu, Esc to quit)
Okay, then.
Drink which item? (? for menu, Esc to quit)
You feel better. The harpy misses you. The harpy completely misses you.
The harpy claws you!
You die...
Kikubaaqudgha rasps: "You have failed me!
Welcome... oblivion!"

#..≈≈≈≈≈≈≈≈≈≈≈≈≈≈
###.≈≈≈≈≈≈≈≈≈≈≈≈≈≈
##.#..≈≈≈≈≈≈≈≈≈≈≈≈≈
#.....≈..≈≈≈≈≈≈≈≈≈≈
#....≈≈.≈≈≈≈≈≈≈≈≈≈≈≈
#........≈≈..≈≈≈≈≈≈≈≈
#...m....≈≈≈.≈≈≈≈≈≈≈≈
#..≈HH..≈≈≈≈≈≈≈≈≈≈≈≈≈ ..
#...@...≈≈≈≈≈≈≈≈≈≈≈≈≈ ....
##......≈≈≈≈≈≈≈≈≈≈≈≈≈
≈....#.....##....≈≈≈≈≈≈≈≈≈
.≈....#.<...##.≈..≈≈≈≈≈≈≈≈≈
.≈≈......#.....≈≈≈≈≈≈≈≈≈≈≈≈
≈≈≈≈≈..<.#......≈≈≈≈≈≈≈≈≈≈≈
≈≈≈≈≈..........≈≈≈≈≈≈≈≈≈≈≈≈
≈≈≈≈.......≈≈≈≈≈≈≈≈≈≈≈≈≈≈≈≈
≈≈≈≈..≈.≈.≈≈≈...≈≈≈≈≈≈≈≈≈≈


You could see a merfolk impaler and 2 harpies.

Vanquished Creatures
  Mara (Vaults:2)
  Nikola (D:15)
  A lich (Vaults:3)
  A large abomination (Orc:4)
  2 sphinxes (Vaults:2)
  Rupert (D:16)
  Agnes (D:16)
  Roxanne (D:18)
  Donald (Shoals:2)
  3 vault wardens (Vaults:1)
  Aizul (Shoals:2)
  Louise (D:18)
  An orc warlord (Vaults:3)
  Gastronok (Orc:2)
  Jorgrun (D:18)
  2 stone giants
  An elemental wellspring (D:18)
  Snorg (Vaults:2)
  10 vault guards
  A merfolk impaler (Shoals:1)
  A dragon (D:18)
  8 yaktaur captains
  4 ironheart preservers
  Fannar (D:16)
  The ghost of senseless the Cleaver, a powerful MiFi of Okawaru (D:12)
  Josephine (D:10)
  12 hydras
  6 ogre magi
  An ice dragon (Vaults:2)
  A great orb of eyes (Vaults:3)
  Nessos (Orc:3)
  2 very ugly things
  3 death yaks
  An orc high priest (Orc:4)
  12 centaur warriors
  2 catoblepae
  4 iron trolls
  2 deep elf knights
  A storm dragon skeleton (Vaults:3)
  A flayed ghost (Vaults:1)
  A wizard (D:16)
  2 sea snakes
  6 unseen horrors
  12 harpies
  11 hill giants
  A giant amoeba (Vaults:3)
  Pikel (D:6)
  5 wolf spiders
  A wolf spider zombie (D:19)
  Joseph (Orc:4)
  6 ironbrand convokers
  11 orc knights
  A giant orange brain (Vaults:3)
  4 orc sorcerers
  4 stone giant zombies
  8 cyclopes
  7 griffons
  A spiny worm (Vaults:2)
  5 red wasps
  8 vault sentinels
  A frost giant zombie (Vaults:3)
  4 black mambas
  A sphinx skeleton (Vaults:1)
  23 elephants
  Maurice (D:13)
  A stone giant skeleton (Vaults:3)
  A frost giant skeleton (Vaults:3)
  10 spiny frogs
  A fire giant skeleton (D:18)
  A feature mimic (Lair:8)
  Psyche (Orc:2)
  A spiny frog (shapeshifter) (D:19)
  10 mermaids
  7 yaktaurs
  A demonic crawler (Lair:3)
  An iron troll zombie (Vaults:3)
  2 deep elf priests
  A fire drake (shapeshifter) (Vaults:2)
  11 komodo dragons
  Grinder (D:3)
  9 trolls
  8 snapping turtles
  2 iron troll skeletons
  9 wandering mushrooms
  A wind drake (Lair:4)
  61 slime creatures
  18 polar bears (IceCv)
  15 two-headed ogres
  2 griffon zombies
  5 fire drakes
  A blink frog (shapeshifter) (D:18)
  The ghost of Rycklaryybbe the Sneak, an average SpEn (D:4)
  12 blink frogs
  A red wasp zombie (Vaults:1)
  2 trapdoor spiders
  3 boulder beetles
  A raven (shapeshifter) (Vaults:2)
  A dragon zombie (D:18)
  A vampire (D:17)
  5 basilisks
  A boulder beetle (shapeshifter) (Vaults:1)
  A spiny worm zombie (Vaults:1)
  4 wyverns
  73 yaks
  8 water elementals (D:18)
  82 ugly things
  3 wraiths
  A tarantella (Spider:1)
  An ettin skeleton (Vaults:2)
  13 merfolk
  An elephant slug (Lair:8)
  3 hill giant zombies
  A dragon skeleton (D:19)
  A shadow (D:12)
  7 sharks
  A yak (shapeshifter) (D:19)
  Eustachio (D:4)
  12 vampire mosquitoes
  Grum (Orc:2)
  5 hungry ghosts
  6 deep elf magi
  2 rock worms (Vaults:1)
  37 wolves
  5 deep elf fighters
  2 deep troll zombies
  23 hippogriffs
  A mottled dragon (D:19)
  2 soldier ants
  Menkaure (D:4)
  13 manticores
  2 hill giant skeletons (D:10)
  4 porcupines
  A swamp worm (Lair:4)
  A necrophage (D:9)
  An agate snail zombie (Vaults:1)
  8 ice beasts
  5 freezing wraiths
  A slave (D:6)
  6 phantoms
  A deep dwarf (shapeshifter) (D:18)
  30 orc warriors
  A yellow wasp (D:10)
  8 giant goldfish
  3 black bears (D:7)
  3 hell hounds
  34 ogres
  A boring beetle (Vaults:1)
  3 sky beasts
  24 centaurs
  14 crocodiles
  A fire crab zombie (D:18)
  Sigmund (D:3)
  Duvessa (D:4)
  2 komodo dragon zombies
  6 wargs
  A giant slug (shapeshifter) (Vaults:1)
  A brain worm (Vaults:1)
  15 giant slugs
  7 agate snails
  Blork the orc (D:5)
  A big kobold (D:15)
  12 water moccasins
  A yaktaur zombie (D:13)
  24 giant frogs
  6 goliath beetles
  A cyclops zombie (D:13)
  A deep troll simulacrum (D:18)
  3 jellyfish
  9 killer bees
  13 wights
  A boulder beetle zombie (Vaults:1)
  An eye of draining (D:11)
  3 troll skeletons
  9 electric eels
  A giant frog zombie (D:12)
  The ghost of smajdalf the Ruinous, a weakling FeCj of Nemelex Xobeh (D:3)
  15 crimson imps
  25 orc priests
  Dowan (D:4)
  10 big fish
  Crazy Yiuf (D:3)
  A quasit (D:10)
  A water moccasin zombie (D:5)
  21 hounds
  A basilisk skeleton (D:14)
  22 orc wizards
  A warg skeleton (Orc:3)
  3 scorpions
  7 iguanas
  9 worker ants
  A big kobold zombie (D:10)
  9 sheep
  Ijyb (D:5)
  13 jellies
  An ogre skeleton (D:5)
  A big kobold skeleton (D:12)
  4 boggarts (D:16)
  Terence (D:3)
  A worker ant zombie (D:9)
  7 gnolls
  A hound simulacrum (D:11)
  2 giant centipedes
  A lemure (D:4)
  2 inept feature mimics (D:6)
  20 adders
  38 green rats
  A shadow imp (Vaults:1)
  4 giant mites
  12 white imps
  A worker ant simulacrum (D:11)
  12 worms
  An ufetubus (Lair:6)
  A scorpion zombie (D:5)
  An iguana skeleton (D:5)
  An adder skeleton (D:5)
  3 giant eyeballs
  3 chimeras
  7 giant geckos
  4 oozes
  156 orcs
  19 bats
  A bat zombie (D:7)
  3 giant cockroaches
  20 hobgoblins
  37 jackals
  11 quokkas
  3 ball pythons
  10 giant newts
  23 goblins
  A goblin zombie (D:5)
  2 hobgoblin skeletons
  A jackal skeleton (D:5)
  26 kobolds
  A kobold skeleton (D:7)
  3 orc skeletons
  4 orc zombies
  A quokka skeleton (D:5)
  A quokka zombie (D:5)
  24 rats
  A rat skeleton (D:6)
  11 ballistomycetes (D:12)
  2 fungi
  2 plants
1653 creatures vanquished.

Vanquished Creatures (collateral kills)
  Jory (Vaults:2)
  Polyphemus (Shoals:2)
  A stone giant (Vaults:3)
  A merfolk javelineer (Shoals:3)
  A vault guard (Vaults:1)
  An ironheart preserver (Vaults:3)
  A death yak (Shoals:2)
  A centaur warrior (Vaults:2)
  A deep elf knight (Elf:1)
  A sea snake (Shoals:1)
  A hill giant (D:18)
  A stone giant zombie (Vaults:3)
  A red wasp (D:18)
  A vault sentinel (Vaults:1)
  A slime creature (Vaults:1)
  A two-headed ogre (D:18)
  A snapping turtle (Shoals:3)
  A blink frog (shapeshifter) (Vaults:2)
  3 deep elf magi (Elf:1)
  3 ugly things
  A water elemental (D:18)
  2 hippogriffs
  2 sharks
  9 merfolk
  4 deep elf fighters
  3 manticores
  A vampire mosquito (Vaults:3)
  An orc warrior (Vaults:3)
  A black bear (D:11)
  A big kobold (D:18)
  A crimson imp (Elf:1)
  An orc priest (D:11)
  A quasit (Elf:1)
  A two-headed ogre zombie (D:11)
  A yak simulacrum (D:11)
  A brain worm simulacrum (D:11)
  A white imp (Elf:1)
  6 orcs
  A hobgoblin (D:11)
  2 kobolds (D:18)
  2 bats
  2 bushes (D:18)
  8 plants
77 creatures vanquished.

Vanquished Creatures (others)
  A large abomination (Elf:1)
  A stone giant zombie (Vaults:3)
  An iron troll zombie (Vaults:3)
  6 harpy zombies
  A hydra zombie (Vaults:1)
  A yaktaur skeleton (Vaults:3)
  A dragon skeleton (D:18)
  An ugly thing zombie (Vaults:2)
  2 wolves (IceCv)
  A hill giant zombie (Vaults:1)
  An agate snail zombie (Vaults:3)
  A snapping turtle zombie (Shoals:2)
  3 slaves (D:6)
  6 merfolk zombies
  2 vampire mosquito zombies (Vaults:3)
  9 human zombies
  2 yaktaur zombies
  A mermaid zombie (Shoals:3)
  A giant slug zombie (Vaults:1)
  2 cyclops zombies (Vaults:1)
  3 manticore zombies
  A rock worm zombie (Vaults:1)
  2 troll zombies
  2 hippogriff zombies
  A boring beetle zombie (Vaults:1)
  A centaur skeleton (D:18)
  3 centaur zombies
  An orc priest (D:6)
  7 spiders
  A worker ant (D:6)
  An orc wizard (D:6)
  A human (D:9)
  A brain worm zombie (Vaults:1)
  A lemure (Vaults:1)
  2 giant mites (Vaults:3)
  5 orc zombies
  8 chimeras
  2 bats (D:6)
  A bat zombie (Shoals:2)
  A quokka (D:6)
  3 giant spores (D:12)
  5 jackals
  A ballistomycete (D:12)
  2 bushes (D:18)
  6 fungi
  6 plants
112 creatures vanquished.

Grand Total: 1842 creatures vanquished

Notes
Turn   | Place    | Note
--------------------------------------------------------------
     0 | D:1      | Rycklaryybbe, the Vampire Enchanter, began the quest for the Orb.
     0 | D:1      | Reached XP level 1. HP: 13/13 MP: 4/4
   196 | D:1      | Reached XP level 2. HP: 17/19 MP: 2/5
   567 | D:1      | Reached skill level 5 in Stealth
   699 | D:2      | Learned a level 2 spell: Ensorcelled Hibernation
   722 | D:2      | Reached XP level 3. HP: 24/24 MP: 6/6
   897 | D:2      | Reached skill level 6 in Stealth
  1164 | D:2      | Reached XP level 4. HP: 27/30 MP: 2/8
  1399 | D:2      | Reached skill level 7 in Stealth
  1958 | D:3      | Noticed Terence
  1990 | D:3      | Killed Terence
  2077 | D:3      | Noticed smajdalf's ghost (weakling FeCj)
  2117 | D:3      | Reached skill level 8 in Stealth
  2182 | D:3      | Reached XP level 5. HP: 29/35 MP: 1/9
  2350 | D:3      | Noticed Grinder
  2373 | D:3      | Paralysed by Grinder for 6 turns
  2381 | D:3      | Paralysed by Grinder for 7 turns
  2760 | D:3      | Reached skill level 5 in Hexes
  2769 | D:3      | Noticed Sigmund
  2779 | D:3      | Killed Sigmund
  2974 | D:3      | Noticed Crazy Yiuf
  2979 | D:3      | Killed Crazy Yiuf
  3166 | D:3      | Learned a level 3 spell: Confuse
  3261 | D:3      | Reached XP level 6. HP: 32/41 MP: 10/10
  3448 | D:3      | Paralysed by Grinder for 7 turns
  3464 | D:3      | Killed Grinder
  3464 | D:3      | Reached skill level 9 in Stealth
  3811 | D:3      | Killed smajdalf's ghost
  4126 | D:3      | Reached XP level 7. HP: 30/46 MP: 8/11
  4699 | D:4      | Learned a level 2 spell: Sure Blade
  4893 | D:4      | Noticed Menkaure
  4913 | D:4      | Noticed Duvessa
  4913 | D:4      | Noticed Dowan
  4915 | D:4      | Killed Dowan
  4956 | D:4      | Killed Duvessa
  5182 | D:4      | Noticed Eustachio
  5319 | D:4      | Killed Eustachio
  5406 | D:4      | Noticed Rycklaryybbe's ghost (average SpEn)
  5562 | D:5      | Entered Level 5 of the Dungeon
  5747 | D:5      | Noticed Ijyb
  5753 | D:5      | Killed Ijyb
  5904 | D:5      | Reached XP level 8. HP: 50/52 MP: 13/13
  6117 | D:5      | Reached skill level 5 in Short Blades
  6837 | D:5      | Noticed Blork the orc
  6851 | D:5      | Killed Blork the orc
  6851 | D:5      | Reached skill level 10 in Hexes
  6877 | D:5      | Noticed a hill giant
  6893 | D:5      | Killed a hill giant
  6893 | D:5      | Reached skill level 11 in Hexes
  7129 | D:4      | Killed Rycklaryybbe's ghost
  7129 | D:4      | Reached skill level 10 in Stealth
  7129 | D:4      | Reached XP level 9. HP: 50/57 MP: 11/14
  7436 | D:4      | Found a sparkling altar of Nemelex Xobeh.
  7651 | D:4      | Killed Menkaure
  8146 | D:5      | Reached skill level 12 in Hexes
  8419 | D:6      | Noticed Pikel
  8433 | D:6      | Killed Pikel
  8433 | D:6      | Reached skill level 5 in Dodging
  8776 | D:6      | Paralysed by a giant eyeball for 3 turns
  8784 | D:6      | Paralysed by a giant eyeball for 2 turns
  8959 | D:6      | Reached skill level 13 in Hexes
  9049 | D:6      | Found a staircase to the Ecumenical Temple.
  9055 | D:6      | the staircase to the Ecumenical Temple was a mimic.
  9084 | D:6      | Found a bloodstained altar of Trog.
 10107 | D:7      | Found a bloodstained altar of Trog.
 10109 | D:7      | Got a fine ring mail
 10151 | D:7      | Identified the +5 ring mail of the Skies Above {Str+3 Dex-2} (You found it on level 7 of the Dungeon)
 10379 | D:7      | Reached XP level 10. HP: 63/63 MP: 15/15
 10556 | D:7      | Found a staircase to the Ecumenical Temple.
 10596 | Temple   | Entered the Ecumenical Temple
 10600 | Temple   | Became a worshipper of Kikubaaqudgha
 10735 | D:7      | Reached skill level 14 in Hexes
 11569 | D:8      | Found a white marble altar of Elyvilon.
 12348 | D:9      | Acquired Kikubaaqudgha's first power
 12348 | D:9      | Received a gift from Kikubaaqudgha
 12349 | D:9      | Identified Kikubaaqudgha's Papyrus of Sinister Arts (Kikubaaqudgha gifted it to you on level 9 of the Dungeon)
 12369 | D:9      | Learned a level 1 spell: Pain
 13389 | D:9      | Reached skill level 15 in Hexes
 13482 | D:9      | Found a staircase to the Lair.
 13656 | D:9      | Reached skill level 1 in Fighting
 14266 | Lair:1   | Entered Level 1 of the Lair of Beasts
 14278 | Lair:1   | Reached XP level 11. HP: 69/71 MP: 11/16
 14415 | Lair:1   | Noticed a seven-headed hydra
 14426 | Lair:1   | HP: 2/71 [nine-headed hydra (11)]
 14820 | Lair:1   | Noticed an eight-headed hydra
 14867 | Lair:1   | Gained mutation: You are partially covered in icy blue scales (AC +1). [potion of mutation]
 15145 | Lair:1   | HP: 3/71 [poisoned by a spiny frog]
 15781 | D:10     | Entered Level 10 of the Dungeon
 16060 | D:10     | Gained mutation: You have an increased reservoir of magic (+10% MP). [potion of beneficial mutation]
 16319 | D:10     | Acquired Kikubaaqudgha's second power
 16825 | D:10     | Found a staircase to the Orcish Mines.
 16937 | D:11     | Found Ghekh's Weapon Boutique.
 16946 | D:11     | Found Opnil's Magical Wand Emporium.
 17189 | D:11     | Found Tyav's Antique Armour Shop.
 17189 | D:11     | Noticed a hill giant
 17332 | D:11     | Noticed Josephine
 17361 | D:10     | Killed Josephine
 17505 | D:11     | Killed a hill giant
 17735 | D:11     | Found Hurox's Food Boutique.
 17801 | D:11     | Reached skill level 5 in Fighting
 17862 | D:12     | Noticed an unseen horror
 17894 | D:12     | Killed an unseen horror
 18520 | D:12     | Noticed senseless' ghost (powerful MiFi)
 18548 | D:12     | Killed senseless' ghost
 18693 | D:12     | Chaositek: Привет
 18693 | D:12     | Chaositek: ИГраю за дворфа берса в адом уже 9 лвл выполнил квест с собакой и плотником куда теперь податься?
 18693 | D:12     | Chaositek: Как снять ржавчину с экипировки, и как научится читать?
 18693 | D:12     | Chaositek: Можно ли в Териньо сделать склад шмота а то у меня куча хлама уже накопилась
 18693 | D:12     | Rycklaryybbe: привет
 18693 | D:12     | Rycklaryybbe: а я вчера за тролля берса начал)
 18693 | D:12     | Rycklaryybbe: повезло, читать уже умею
 18693 | D:12     | Rycklaryybbe: съел труп мудреца:))
 18693 | D:12     | Rycklaryybbe: dark sage
 18693 | D:12     | Chaositek: упс
 18693 | D:12     | Rycklaryybbe: а ржавчину снимать маслом
 18693 | D:12     | Chaositek: Я его убивал но труп не ел
 18693 | D:12     | Chaositek: не осталось
 18693 | D:12     | Rycklaryybbe: трупы в адоме дают много полезных инстринктов
 18693 | D:12     | Rycklaryybbe: а вот чтоб оставались трупы
 18693 | D:12     | Chaositek: Как обезвреживать ловушки?
 18693 | D:12     | Rycklaryybbe: и нужен скил food preservation
 18693 | D:12     | Rycklaryybbe: скил нужен
 18693 | D:12     | Rycklaryybbe: или ванд
 18693 | D:12     | Chaositek: У меня есть детект трэпс
 18693 | D:12     | Rycklaryybbe: или спелл
 18693 | D:12     | Rycklaryybbe: детект трэпс кагбэ к обезврежеванию не относится, не?
 18693 | D:12     | Rycklaryybbe: нужен дизарм
 18693 | D:12     | Chaositek: Я нашел адамантиновый щит, хороший материал?
 18693 | D:12     | Rycklaryybbe: ну получше чем обычныйц
 18693 | D:12     | Chaositek: Какой самый лучший? мифрилл?
 18693 | D:12     | Rycklaryybbe: кистолой меньше разъедается, не рважает помоему, ну или хуже ржавеет -- точно
 18693 | D:12     | Rycklaryybbe: самый лучший щит это тот, который дает самый большой бонус
 18693 | D:12     | Rycklaryybbe: потому что выше чем бонус уровень скила не прокачается
 18693 | D:12     | Chaositek: у меня большой дает
 18693 | D:12     | Rycklaryybbe: качай! дварфу! mithril skin!
 18693 | D:12     | Rycklaryybbe: скачала hardy помоему, а потом уже все кожи
 18693 | D:12     | Rycklaryybbe: это в перках
 18693 | D:12     | Rycklaryybbe: так
 18693 | D:12     | Rycklaryybbe: теперь куда идти
 18693 | D:12     | Rycklaryybbe: ты ходил в пещеру на северо-западе от Ториньо?
 18693 | D:12     | Rycklaryybbe: SMC
 18693 | D:12     | Rycklaryybbe: называется
 18693 | D:12     | Chaositek: ПРоходил мимо
 18693 | D:12     | Rycklaryybbe: смол кейв
 18693 | D:12     | Rycklaryybbe: там интересная пещера
 18693 | D:12     | Chaositek: Оружие часто ломается?
 18693 | D:12     | Rycklaryybbe: во-первых, там гарантированно есть бланкет
 18693 | D:12     | Chaositek: А то у меня секира сломалась когда я толпу народу рубил
 18693 | D:12     | Rycklaryybbe: одеяло
 18693 | D:12     | Rycklaryybbe: которое защищщает твой инвентарь...
 18693 | D:12     | Rycklaryybbe: то ли от огня, толи от воды, не помню какое
 18693 | D:12     | Rycklaryybbe: но в любом случае это очень полезный тул
 18693 | D:12     | Rycklaryybbe: оружие ломается редко
 18693 | D:12     | Chaositek: Понятненько
 18693 | D:12     | Rycklaryybbe: только об определенных монтсров
 18693 | D:12     | Rycklaryybbe: ну и ржавое конечно отстой
 18693 | D:12     | Rycklaryybbe: благословляй оружие, меньше будет ржаветь
 18693 | D:12     | Rycklaryybbe: и лучше бить нежить
 18693 | D:12     | Rycklaryybbe: короче
 18693 | D:12     | Chaositek: Можно, я лауфулл кстати
 18693 | D:12     | Rycklaryybbe: через смол кейв есь выход в один секретный городок)
 18693 | D:12     | Rycklaryybbe: там есть магазин, где может быть классные шмотки
 18693 | D:12     | Rycklaryybbe: дорога не опасная
 18693 | D:12     | Rycklaryybbe: если ты прошел собачий квест, то справишься
 18693 | D:12     | Rycklaryybbe: но сама СМОЛ КЕЙВ -- первый этаж
 18693 | D:12     | Rycklaryybbe: опасная
 18693 | D:12     | Rycklaryybbe: старайся быстро пробежать
 18693 | D:12     | Rycklaryybbe: и не убивать все подряд
 18693 | D:12     | Rycklaryybbe: потому что, это важно, чем дольше ты там тусишь и чем больше убиваешь монстров, тем сильнее респавнятся новые
 18693 | D:12     | Rycklaryybbe: т.е. обычные крысы и орки -- но они будут высоких уровней
 18693 | D:12     | Rycklaryybbe: поэтому зашел -- либо идешь искать бланкет, либо , если видишь лестницу вниз, сразу идешь вниз
 18693 | D:12     | Rycklaryybbe: по дороге в город часто попадаеются лужи, трава, магазины
 18693 | D:12     | Rycklaryybbe: короче -- много поелзного
 18693 | D:12     | Rycklaryybbe: а вчера из лужи получил много крутых штук, но это повезло
 18700 | D:12     | Noticed a hill giant
 18905 | D:12     | Killed a hill giant
 18905 | D:12     | Reached skill level 10 in Dodging
 20405 | D:9      | Paralysed by a giant eyeball for 3 turns
 20418 | D:9      | Paralysed by a giant eyeball for 2 turns
 20666 | Lair:1   | Noticed a black mamba
 20673 | Lair:1   | Killed a black mamba
 20967 | D:9      | Reached XP level 12. HP: 60/81 MP: 14/18
 21101 | Lair:1   | Killed a ten-headed hydra
 22808 | D:12     | Learned a level 6 spell: Invisibility
 23845 | Lair:1   | Killed a 15-headed hydra
 23845 | Lair:1   | Reached skill level 15 in Stealth
 23860 | Lair:1   | Received a gift from Kikubaaqudgha
 23861 | Lair:1   | Identified Kikubaaqudgha's Disquisition on Dark Secrets (Kikubaaqudgha gifted it to you on level 1 of the Lair of Beasts)
 24004 | Lair:1   | Reached skill level 1 in Necromancy
 25577 | Lair:3   | Found a staircase to the Shoals.
 25587 | Lair:3   | Found a hole to the Spider Nest.
 25795 | Lair:3   | Acquired Kikubaaqudgha's third power
 25963 | Lair:3   | Reached skill level 5 in Necromancy
 27109 | Lair:4   | Chaositek: чуть не сдох в 1 smc
 27113 | Lair:4   | Rycklaryybbe: я предупреждал
 27113 | Lair:4   | Rycklaryybbe: туда лучше идти на нихних уровнях
 27113 | Lair:4   | Rycklaryybbe: 1-5
 27113 | Lair:4   | Rycklaryybbe: но сдохнуть всегда можно
 27113 | Lair:4   | Rycklaryybbe: ты бланкет взял?
 27137 | Lair:4   | Chaositek: Не смог
 27137 | Lair:4   | Rycklaryybbe: ладно уж
 27137 | Lair:4   | Chaositek: зато 10 апнул
 27137 | Lair:4   | Rycklaryybbe: зато у тебя теперь будет удобный проход)
 27137 | Lair:4   | Rycklaryybbe: иди дальше короче по данжу
 27137 | Lair:4   | Rycklaryybbe: напишеь как до города дойдешь
 27137 | Lair:4   | Chaositek: Атлетику качать с доджем?
 27137 | Lair:4   | Rycklaryybbe: конечно
 27137 | Lair:4   | Rycklaryybbe: атлетика крутой скил
 27137 | Lair:4   | Chaositek: а на третье что качнуть?
 27137 | Lair:4   | Rycklaryybbe: хилинг 100 уже?
 27137 | Lair:4   | Chaositek: нету его
 27137 | Lair:4   | Rycklaryybbe: блядь
 27137 | Lair:4   | Rycklaryybbe: ты что, хилинг не выучил?
 27137 | Lair:4   | Chaositek: есть только First aid
 27137 | Lair:4   | Rycklaryybbe: ферст эид не лечит
 27137 | Lair:4   | Chaositek: Знаю
 27137 | Lair:4   | Rycklaryybbe: им можно яд снять, кстати, если уровень приличный
 27137 | Lair:4   | Rycklaryybbe: ты же спас плотника
 27137 | Lair:4   | Rycklaryybbe: да?
 27137 | Lair:4   | Chaositek: где я хилинг выучу я даже читать не умею
 27137 | Lair:4   | Chaositek: Убил
 27137 | Lair:4   | Rycklaryybbe: )))))))))))))))))))))))))))))))))
 27137 | Lair:4   | Chaositek: он на меня набросился
 27137 | Lair:4   | Rycklaryybbe: ну да
 27137 | Lair:4   | Chaositek: и не говори что золото ему дать надо было
 27137 | Lair:4   | Rycklaryybbe: он же фиолетовый
 27137 | Lair:4   | Rycklaryybbe: хаотичный
 27137 | Lair:4   | Rycklaryybbe: его надо было спасти..
 27137 | Lair:4   | Rycklaryybbe: ладно
 27137 | Lair:4   | Chaositek: Я спас его от материального плана
 27137 | Lair:4   | Rycklaryybbe: короче
 27137 | Lair:4   | Rycklaryybbe: ты потом вернешься в Торинйо
 27137 | Lair:4   | Rycklaryybbe: даже не так
 27137 | Lair:4   | Rycklaryybbe: вначале в город воров
 27137 | Lair:4   | Rycklaryybbe: там есть вор чувак с двумя охранкиами
 27137 | Lair:4   | Rycklaryybbe: видел его?
 27137 | Lair:4   | Rycklaryybbe: вот он даст тебе пару квестов;-)
 27137 | Lair:4   | Chaositek: я не заходил к ворам в этот раз но думаю найду
 27137 | Lair:4   | Chaositek: если доживу
 27137 | Lair:4   | Rycklaryybbe: и возможно ты научишься хилингу
 27137 | Lair:4   | Rycklaryybbe: да и шериф в ториньо даст тебе пару квестов
 27137 | Lair:4   | Rycklaryybbe: один точнее
 27137 | Lair:4   | Rycklaryybbe: а вообще
 27137 | Lair:4   | Rycklaryybbe: гуляй по карте глобальной
 27137 | Lair:4   | Rycklaryybbe: только едой запасись)
 27137 | Lair:4   | Rycklaryybbe: там много интересных мест
 27137 | Lair:4   | Rycklaryybbe: но тебе надо в пещеры хаоса, CoC, это там западе, за рекой....
 27137 | Lair:4   | Rycklaryybbe: там вся движуха
 27241 | Lair:4   | Reached XP level 13. HP: 55/87 MP: 14/24
 27253 | Lair:4   | Reached skill level 16 in Stealth
 27304 | Lair:4   | Acquired Kikubaaqudgha's fourth power
 27855 | Lair:4   | Chaositek: O fortune cookie как в нетхаке
 27871 | Lair:4   | Rycklaryybbe: только ты читать не умеешь один херн))
 27871 | Lair:4   | Rycklaryybbe: а вообще в печеньках полезная инфа)
 28345 | Lair:4   | Learned a level 5 spell: Agony
 28552 | Lair:4   | Chaositek: bloody pool пить?
 28552 | Lair:4   | Rycklaryybbe: пул это риск
 28552 | Lair:4   | Rycklaryybbe: можешь вмиг загубить своего чара
 28552 | Lair:4   | Rycklaryybbe: не советую пока
 28552 | Lair:4   | Rycklaryybbe: поиграй
 28552 | Lair:4   | Rycklaryybbe: потом вернешься, когда будешь готов
 28552 | Lair:4   | Rycklaryybbe: а то схватишь дум, или кёрс..
 28552 | Lair:4   | Rycklaryybbe: или и то и то )
 28552 | Lair:4   | Rycklaryybbe: но если готов рискнуть -- пей
 28552 | Lair:4   | Rycklaryybbe: я вчера очень удачно попил. получил удачу, пару резистов, телепорт контроль...
 28552 | Lair:4   | Rycklaryybbe: но мне нечего было терять) я был троль варвар 4 уровня)
 28594 | Lair:4   | Rycklaryybbe: вообще пул мить разумно, когда ты с богом уже наладил контант
 28594 | Lair:4   | Rycklaryybbe: и он может снять с тебя проклятие и тд
 29845 | Lair:5   | Chaositek: бланкет нашел
 29845 | Lair:5   | Chaositek: чтос ним делать?
 29845 | Lair:5   | Rycklaryybbe: ничего
 29845 | Lair:5   | Rycklaryybbe: там три типа бланкета есть
 29845 | Lair:5   | Chaositek: как посмотреть описание вещи?
 29845 | Lair:5   | Rycklaryybbe: в смокейве он гарантирован
 29845 | Lair:5   | Rycklaryybbe: а ты мог найти и шнягу какую-то
 29845 | Lair:5   | Rycklaryybbe: свиток нужен
 29845 | Lair:5   | Chaositek: дак я там и нашел.
 29845 | Lair:5   | Chaositek: Я имею ввиду просто описание
 29845 | Lair:5   | Rycklaryybbe: ты вернулся в смол кейв что ли?
 29845 | Lair:5   | Chaositek: типа это дагггер его используют воры
 29845 | Lair:5   | Chaositek: я просто сбежал с первого данжа
 29845 | Lair:5   | Chaositek: на второй
 29845 | Lair:5   | Rycklaryybbe: смокейв это только 1 этаж
 29845 | Lair:5   | Rycklaryybbe: дальше другая пещера
 29845 | Lair:5   | Rycklaryybbe: обычная
 29845 | Lair:5   | Chaositek: там проход чтоли? на первом?
 29845 | Lair:5   | Rycklaryybbe: лестница вниз
 29845 | Lair:5   | Rycklaryybbe: как обычно
 29845 | Lair:5   | Chaositek: как в город то попасть, я думал вниз надо бежать
 29845 | Lair:5   | Rycklaryybbe: я что, не по русски пишу?)
 29845 | Lair:5   | Rycklaryybbe: из смолкейв лестница в низ
 29845 | Lair:5   | Rycklaryybbe: в другую пещеру
 29845 | Lair:5   | Rycklaryybbe: вот и идешь по ней
 29845 | Lair:5   | Rycklaryybbe: до упора
 29845 | Lair:5   | Chaositek: ну я и иду
 29845 | Lair:5   | Rycklaryybbe: иди)
 29845 | Lair:5   | Rycklaryybbe: на 6 или 7 этаже будет лестница вверх...
 29845 | Lair:5   | Rycklaryybbe: мимо не пройдешь
 29845 | Lair:5   | Chaositek: и нашел этот самый бланкет но не в ссмокейве
 29845 | Lair:5   | Rycklaryybbe: да я понял
 29845 | Lair:5   | Rycklaryybbe: и уже написал тебе
 29845 | Lair:5   | Rycklaryybbe: в смол кейве гарантированно waterproof blanker
 29845 | Lair:5   | Rycklaryybbe: blanket
 29845 | Lair:5   | Rycklaryybbe: чтоб свитки и книги не портились и инвентарь не ржавел
 29845 | Lair:5   | Rycklaryybbe: есть еще фаер пруф
 29845 | Lair:5   | Rycklaryybbe: от огня защищает
 29845 | Lair:5   | Rycklaryybbe: и плейн
 29845 | Lair:5   | Rycklaryybbe: который ни от чего не защищает
 29845 | Lair:5   | Rycklaryybbe: ты возможно его и нашел)
 29845 | Lair:5   | Rycklaryybbe: вот зашел своим барбом, я как раз в этом городе
 29845 | Lair:5   | Rycklaryybbe: и тут в магазине seven league boots...
 29845 | Lair:5   | Rycklaryybbe: одна из лучших шмоток в игре
 29845 | Lair:5   | Rycklaryybbe: это большая удача)
 29845 | Lair:5   | Chaositek: ванд оф энерджи оказалась сильнее чем я думал
 29845 | Lair:5   | Chaositek: Я чуть не умер
 29845 | Lair:5   | Chaositek: You die... Слава богу
 29845 | Lair:5   | Chaositek: Играть за такого хоть и сильного дибила довольно уныло
 29845 | Lair:5   | Chaositek: 583 монстра убил
 29845 | Lair:5   | Chaositek: бланкет был фаерпруф
 29845 | Lair:5   | Rycklaryybbe: а как умер?
 29845 | Lair:5   | Rycklaryybbe: за барба норм играть) читать научиться конечно надо... в городе дварфов старейшина может научить
 30517 | Lair:5   | Chaositek: какойто гигант отпиздил
 30529 | Lair:5   | Chaositek: хоард или как то иак
 30529 | Lair:5   | Rycklaryybbe: ты двойной удар юзал?
 30529 | Lair:5   | Chaositek: так
 30529 | Lair:5   | Chaositek: Я совсем про него забыл
 30529 | Lair:5   | Rycklaryybbe: у барбов же специальная атака на шестом левеле появляется
 30529 | Lair:5   | Chaositek: знаю
 30529 | Lair:5   | Rycklaryybbe: напрасно)
 30529 | Lair:5   | Rycklaryybbe: помогает
 30529 | Lair:5   | Rycklaryybbe: врубаешь фул берсерк и...
 30669 | Lair:5   | Rycklaryybbe: вообще бара дварфа сложно убить
 30669 | Lair:5   | Chaositek: я заметил
 30669 | Lair:5   | Rycklaryybbe: особенно если правильные перки и хилинг есть
 30669 | Lair:5   | Chaositek: толостокожий
 30669 | Lair:5   | Rycklaryybbe: а если ты еще и троль)))
 30669 | Lair:5   | Rycklaryybbe: у троля и так регенерация сумашедная
 30669 | Lair:5   | Chaositek: то ты сдохнешь сс голлоду
 30669 | Lair:5   | Rycklaryybbe: и телосложение за 30
 30669 | Lair:5   | Rycklaryybbe: лол
 30669 | Lair:5   | Chaositek: был у меня тролль
 30669 | Lair:5   | Rycklaryybbe: с голоду надо быть умопомрачительным долбоебом что бы умереть
 30669 | Lair:5   | Chaositek: с голодухи помер
 30669 | Lair:5   | Rycklaryybbe: играя за троля
 30669 | Lair:5   | Chaositek: спасибо
 30669 | Lair:5   | Chaositek: чо
 30669 | Lair:5   | Rycklaryybbe: сорри)))))
 30669 | Lair:5   | Rycklaryybbe: не видел что ты написал
 30669 | Lair:5   | Rycklaryybbe: я просто вчера играл
 30669 | Lair:5   | Rycklaryybbe: там трупы падают со всего живого
 30669 | Lair:5   | Chaositek: Да забей меня просто не особо вдохновляют такие персы
 30669 | Lair:5   | Rycklaryybbe: качай food preservation главное
 30669 | Lair:5   | Chaositek: как тролли барбы
 30669 | Lair:5   | Rycklaryybbe: а кто нравится?
 30669 | Lair:5   | Chaositek: Маги воры монахи
 30669 | Lair:5   | Rycklaryybbe: ну вора точно не бери
 30669 | Lair:5   | Rycklaryybbe: у них шикарные скилы, но как войны они слабые
 30669 | Lair:5   | Chaositek: да я уже взял монка хумана
 30669 | Lair:5   | Rycklaryybbe: бистфайтер, это тот же монах
 30669 | Lair:5   | Rycklaryybbe: дерется руками
 30669 | Lair:5   | Rycklaryybbe: не носит броню
 30669 | Lair:5   | Rycklaryybbe: но он мощнее
 30669 | Lair:5   | Chaositek: там и хилинг и аларм и викнесс и додж
 30669 | Lair:5   | Rycklaryybbe: животная мощь
 30669 | Lair:5   | Chaositek: все есть
 30669 | Lair:5   | Rycklaryybbe: хуманы убогие
 30669 | Lair:5   | Chaositek: Мне нравятся хумансы
 30669 | Lair:5   | Rycklaryybbe: ну если уровней 10 хотя бы пркоачсаешься
 30669 | Lair:5   | Rycklaryybbe: то ниче
 30669 | Lair:5   | Rycklaryybbe: а скилы которые ты перечислил
 30669 | Lair:5   | Rycklaryybbe: есть у любой расы
 30669 | Lair:5   | Rycklaryybbe: т.к. это скилы монаха
 30669 | Lair:5   | Rycklaryybbe: ;)
 30675 | Lair:5   | Chaositek: ПРосто нравится ты не какой нить имба эльф маг бессмертный, ты простой человече
 30676 | Lair:5   | Rycklaryybbe: в адоме нет имбы)
 30676 | Lair:5   | Rycklaryybbe: ну разве что хертлинги )))
 30676 | Lair:5   | Rycklaryybbe: ты просто хоббит...
 30676 | Lair:5   | Rycklaryybbe: даже не человек)
 30677 | Lair:5   | Rycklaryybbe: я не могу играть за людей, потому что у них ничтожная ловкость)
 30677 | Lair:5   | Rycklaryybbe: и сила)
 30677 | Lair:5   | Rycklaryybbe: и телосложение)
 30677 | Lair:5   | Rycklaryybbe: и вообще все
 30681 | Lair:5   | Rycklaryybbe: но еще раз говорю, если у тебя ими получается..
 30681 | Lair:5   | Rycklaryybbe: то это круто
 30844 | Lair:6   | Rycklaryybbe: а ты знаешь, что дрейклинги могут плеваться кислотой?)
 30844 | Lair:6   | Chaositek: знал но забыл
 30844 | Lair:6   | Rycklaryybbe: дрейк монах это вообще крутейшее комбо. скилы лучше чем у хумана, силы больше, хп больше, да еще и плюются) всю игру можно пройти)
 30897 | Lair:6   | Rycklaryybbe: корчое когда десяток твоих монков умрет..попробуй зверя)
 30897 | Lair:6   | Rycklaryybbe: это более класический монах на самом деле, чистый рукопашник, и мне нравится играть таким звереподобным монстром, представляю как он набрасывает со своими когтями))
 30897 | Lair:6   | Rycklaryybbe: и еще совет
 30897 | Lair:6   | Rycklaryybbe: не забывай использовать дальнобойное оружие
 30897 | Lair:6   | Rycklaryybbe: для всех классов
 30897 | Lair:6   | Rycklaryybbe: барб, монах, вор..
 30897 | Lair:6   | Rycklaryybbe: кстати за хилера можешь начать) у него со старта идет много лечилок и еще есть стетоскоп
 30897 | Lair:6   | Rycklaryybbe: полезная штука
 30900 | Lair:6   | Rycklaryybbe: и классовые фишки не плохие
 30987 | Lair:6   | Rycklaryybbe: правда начинает он со скальпелем.. только троль хиллер помоему со своей дубиной, как обычно
 31148 | Lair:6   | Found a frozen archway.
 31433 | IceCv    | Entered an ice cave
 32036 | IceCv    | Reached skill level 17 in Stealth
 32388 | IceCv    | Reached skill level 10 in Necromancy
 32724 | IceCv    | Noticed a frost giant
 32951 | IceCv    | Identified the Grimoire of Ensnaring Ice
 34132 | Lair:6   | Reached XP level 14. HP: 62/93 MP: 25/27
 35136 | Lair:7   | Found a staircase to the Slime Pits.
 35988 | Lair:7   | Reached skill level 18 in Stealth
 36309 | Lair:6   | Reached skill level 1 in Shields
 36892 | Lair:8   | Entered Level 8 of the Lair of Beasts
 36896 | Lair:8   | Reached skill level 1 in Ice Magic
 36918 | Lair:8   | Identified a scroll of acquirement
 37690 | Temple   | Identified a +5,+5 quick blade of pain (a +5,+3 quick blade bloodied by Kikubaaqudgha)
 38745 | Lair:8   | Reached skill level 5 in Shields
 38994 | Lair:8   | Got a bone longbow
 38995 | Lair:8   | Identified the longbow "Ricaifit" {flame, Str+2} (You found it on level 8 of the Lair of Beasts)
 39338 | Lair:8   | Got a bloodstained buckler
 39344 | Lair:8   | Identified the +0 buckler "Haaff" {rC+} (You found it on level 8 of the Lair of Beasts)
 40183 | D:13     | Noticed Maurice
 40186 | D:13     | Killed Maurice
 40730 | D:14     | Entered Level 14 of the Dungeon
 41316 | D:14     | Found a white marble altar of Elyvilon.
 41569 | D:15     | Entered Level 15 of the Dungeon
 41602 | D:15     | Found a white marble altar of Elyvilon.
 41643 | D:15     | Reached XP level 15. HP: 100/100 MP: 29/29
 41710 | D:15     | Noticed Nikola
 42131 | D:15     | Reached skill level 5 in Spellcasting
 42320 | D:15     | Got a bloodstained falchion
 42321 | D:15     | Identified the cursed falchion "Ficinuru" {freeze, +Inv rElec rPois rF+ rN+} (You found it on level 15 of the Dungeon)
 45035 | Orc:1    | Entered Level 1 of the Orcish Mines
 45061 | Orc:1    | Chaositek: Инвиз есть?
 45061 | Orc:1    | Yermak: выглядит неплохо
 45061 | Orc:1    | Rycklaryybbe: есть
 45061 | Orc:1    | Rycklaryybbe: но спалили уже(
 45062 | Orc:1    | Chaositek: всеравно стабить могут
 45067 | Orc:1    | Reached skill level 19 in Stealth
 45145 | Orc:1    | Chaositek: Жаль на уровнях поглубже все это перестает работать
 45478 | Orc:2    | Rycklaryybbe: блин чего меня сразу замечают
 45478 | Orc:2    | Rycklaryybbe: качаю этот стелс
 45537 | Orc:2    | Chaositek: Надо какие нить ботиночки или плащик стелса
 45547 | Orc:2    | Yermak: полёт даёт доп. стелс
 45556 | Orc:2    | Chaositek: ага
 45556 | Orc:2    | Chaositek: Можно мышью летать
 45556 | Orc:2    | Rycklaryybbe: есть колечко..
 45556 | Orc:2    | Rycklaryybbe: мышью не поубиваешь особо
 45556 | Orc:2    | Yermak: потом всё равно обратно надо превращаться
 45569 | Orc:2    | Chaositek: дак рядом с врагом обращатся и норм
 45579 | Orc:2    | Chaositek: Редко замечают
 45929 | Orc:2    | Noticed Grum
 45945 | Orc:2    | Killed Grum
 46091 | Orc:2    | Noticed Psyche
 46091 | Orc:2    | Noticed Gastronok
 46099 | Orc:2    | Killed Psyche
 46153 | Orc:2    | Killed Gastronok
 46159 | Orc:2    | Chaositek: + инт
 46174 | Orc:2    | Rycklaryybbe: а со скилами?
 46174 | Orc:2    | Chaositek: А что шапку снял?
 46174 | Orc:2    | Rycklaryybbe: может какие-то советы?
 46174 | Orc:2    | Chaositek: стаб где?
 46174 | Orc:2    | Rycklaryybbe: а нафиг мне инт?
 46174 | Orc:2    | Rycklaryybbe: стаб это стелс типа
 46174 | Orc:2    | Chaositek: Ок
 46174 | Orc:2    | Chaositek: тут теперь все в одном?
 46174 | Orc:2    | Rycklaryybbe: но слизня этого с первого раза не убил
 46174 | Orc:2    | Rycklaryybbe: ну типа да
 46174 | Orc:2    | Chaositek: ага странно даже
 46456 | Orc:2    | Chaositek: Оказуалили
 46691 | Orc:1    | Found Elu Skon's Weapon Shoppe.
 46715 | Orc:1    | Chaositek: лучше шапка помоему
 46757 | Orc:1    | Rycklaryybbe: чем?
 46763 | Orc:1    | Chaositek: инт влияет на голод и силу заклинаний
 46764 | Orc:1    | Rycklaryybbe: голод пофиг
 46764 | Orc:1    | Chaositek: Легче кофузить будешь
 46767 | Orc:1    | Rycklaryybbe: одинаково
 46770 | Orc:1    | Rycklaryybbe: :)
 47030 | Orc:3    | Noticed Nessos
 47054 | Orc:3    | Chaositek: ты думаешь эти клеточки значат все ?
 47057 | Orc:3    | Killed Nessos
 47059 | Orc:3    | Rycklaryybbe: ну это ж сила спелла
 47110 | Orc:3    | Chaositek: spell power 50-74 это #######...
 47113 | Orc:3    | Chaositek: Хотя разница большая клеточками одно и тоже показывает
 47113 | Orc:3    | Rycklaryybbe: поэксперементирую потом с шляпой
 47544 | Orc:2    | Chaositek: вот те формула
 47544 | Orc:2    | Chaositek: ((Spellcasting / 2) + (2 * [average_spell_schools]) + brilliance) * enhancers * (INT / 10) * wild magic * augmentation
 47545 | Orc:2    | Rycklaryybbe: нихрена непонятно)
 47545 | Orc:2    | Rycklaryybbe: спасибо за формулу
 47545 | Orc:2    | Rycklaryybbe: однако я тут ничего не понял)
 47545 | Orc:2    | Rycklaryybbe: ясно правда, что 19 инт ни туда, ни сюда
 47548 | Orc:2    | Chaositek: ну тут на десятку делится поэтому не так колоссально
 47548 | Orc:2    | Chaositek: но жффект всетаки полезнее чем от обычного шлема
 47586 | Orc:2    | Rycklaryybbe: нихрена себе
 47586 | Orc:2    | Rycklaryybbe: орк ударил
 47592 | Orc:2    | Chaositek: холи варф
 47592 | Orc:2    | Chaositek: святое оружие
 47603 | Orc:2    | Chaositek: хорошо на нежить действует
 47603 | Orc:2    | Rycklaryybbe: ага
 47620 | Orc:2    | Chaositek: меня тогда сука ангел ебнул Mennas
 48245 | Orc:3    | Chaositek: без стаба столько свободного опыта получается
 48569 | Orc:4    | Entered Level 4 of the Orcish Mines
 48569 | Orc:4    | Noticed Joseph
 48573 | Orc:4    | Killed Joseph
 48778 | Orc:4    | Chaositek: Ты почему некромантией не пользуешься?
 48780 | Orc:4    | Found a staircase to the Elven Halls.
 48786 | Orc:4    | Rycklaryybbe: а где мне тут ей пользоваться?
 48794 | Orc:4    | Chaositek: у тя же кику бог
 48794 | Orc:4    | Rycklaryybbe: кастовать на свящих орков?:)
 48803 | Orc:4    | Chaositek: он тебе книги тебе не дарил?
 48806 | Orc:4    | Rycklaryybbe: подарил две
 48806 | Orc:4    | Chaositek: какие?
 48806 | Orc:4    | Chaositek: Там твистед реззурекшн есть?
 48806 | Orc:4    | Rycklaryybbe: да
 48827 | Orc:4    | Chaositek: охуенная вещь
 48840 | Orc:4    | Chaositek: выучи как будет возможность
 48840 | Orc:4    | Rycklaryybbe: я только огони выучил
 48840 | Orc:4    | Rycklaryybbe: выучу, надо спелкастинг подтянуть
 48840 | Orc:4    | Chaositek: твистед позволяет поднимать големов плоти
 48840 | Orc:4    | Rycklaryybbe: но я кику больше брал из-за Pain брэнда
 48840 | Orc:4    | Chaositek: Abominations
 48889 | Orc:4    | Chaositek: А еще он трупаки может дать, кику
 48908 | Orc:4    | Rycklaryybbe: ниразу не пользовался ни одной его фишкой
 48908 | Orc:4    | Chaositek: у тебя сколько щиты?
 48908 | Orc:4    | Rycklaryybbe: считай, что без бога играю
 48908 | Orc:4    | Rycklaryybbe: 5 всего
 48908 | Orc:4    | Found Jiraduatz's Gadget Boutique.
 48908 | Orc:4    | Found Alazed's Antique Armour Emporium.
 48909 | Orc:4    | Found Soest's Antique Weapon Shoppe.
 48909 | Orc:4    | Found Shrivyir's Magic Scroll Boutique.
 48921 | Orc:4    | Chaositek: столько и надо
 48925 | Orc:4    | Rycklaryybbe: вау))
 48925 | Orc:4    | Chaositek: больше не качай если не будешь шит по тяжелее брать
 48936 | Orc:4    | Chaositek: на средний щит надо уже 15 скилла
 48967 | Orc:4    | Chaositek: а на тяжелый 25
 48967 | Orc:4    | Rycklaryybbe: че это за говно*
 48967 | Orc:4    | Chaositek: это тот самый
 48967 | Orc:4    | Chaositek: абоминэщн который ты мог призвать
 48967 | Orc:4    | Rycklaryybbe: похоже на кучу говна
 49155 | Orc:3    | Chaositek: они разные бывают с рандомными статами
 49155 | Orc:3    | Rycklaryybbe: наверное подкачаю спелкастинг
 49155 | Orc:3    | Rycklaryybbe: буду кастовать эту хрень
 49155 | Orc:3    | Chaositek: твистед рез воскрешает куски тела противника которые на шару собираются вместе и получается абомин
 49155 | Orc:3    | Chaositek: Обин имеет возможность ходить с тобой по лестницам
 49155 | Orc:3    | Rycklaryybbe: и будет пока не сдохнет?
 49155 | Orc:3    | Chaositek: ага
 49155 | Orc:3    | Rycklaryybbe: блин, надо было раньше выучить.. собрал бы кучу из тех огров(
 49155 | Orc:3    | Chaositek: но он и регенится умеет
 49390 | Lair:1   | Rycklaryybbe: блин
 49390 | Lair:1   | Rycklaryybbe: играть вампирами - охуенно :)
 49390 | Lair:1   | Rycklaryybbe: как я раньше любил сприганов.. когда только начинал.. так сейчас люблю вампиров
 49390 | Lair:1   | Rycklaryybbe: во, смотри на заклы
 49390 | Lair:1   | Chaositek: ага
 49390 | Lair:1   | Rycklaryybbe: да, нажо спелкастинг качать
 49390 | Lair:1   | Chaositek: тебе надо либл спелкаст качать
 49390 | Lair:1   | Rycklaryybbe: хочу еще контрод андед
 49390 | Lair:1   | Chaositek: либо забыть какое ты заклинание через амнезию
 49390 | Lair:1   | Rycklaryybbe: да там нечего забывать..
 49390 | Lair:1   | Chaositek: диспел бери мой тебе совет
 49390 | Lair:1   | Chaositek: можнее этого заклинания нет ничего
 49390 | Lair:1   | Chaositek: против нежити
 49392 | Lair:1   | Chaositek: разве что холи оружие или клининг файер
 49392 | Lair:1   | Rycklaryybbe: енсдейвмент еще хочу :)
 49392 | Lair:1   | Rycklaryybbe: енслейвмент..
 49392 | Lair:1   | Rycklaryybbe: хотя..
 49392 | Lair:1   | Chaositek: его легко резистят
 49392 | Lair:1   | Rycklaryybbe: хекс не хочу больше качать
 49392 | Lair:1   | Chaositek: и оно на время всеголишь
 49392 | Lair:1   | Rycklaryybbe: ну да, но бывает полезно
 49392 | Lair:1   | Chaositek: угу
 49392 | Lair:1   | Chaositek: для низкоуровневых персов
 49392 | Lair:1   | Rycklaryybbe: я нормально его использовал прошлыми энчантерами
 49392 | Lair:1   | Rycklaryybbe: да
 49392 | Lair:1   | Rycklaryybbe: ну чего, гигантов всяких
 49392 | Lair:1   | Rycklaryybbe: нормально пробивает
 49392 | Lair:1   | Chaositek: тебе бы дефлект не помешал
 49840 | Orc:4    | Chaositek: массконфьюз кстати тоже крут
 49852 | Orc:4    | Rycklaryybbe: да, хорошая вещь
 49852 | Orc:4    | Chaositek: на толпу она сазу начинает бить друг друга
 49852 | Orc:4    | Rycklaryybbe: у меня много было энчантеров)
 49852 | Orc:4    | Rycklaryybbe: я использовал этот спел
 49852 | Orc:4    | Rycklaryybbe: правда они все были ашензари
 49852 | Orc:4    | Rycklaryybbe: и умирали групл
 49855 | Orc:4    | Chaositek: мой первый перс который дошел до зота это VpEn SifMuna
 50049 | Orc:3    | Learned a level 5 spell: Twisted Resurrection
 50049 | Orc:3    | Chaositek: Там он и сгинул правда =(
 50094 | Orc:4    | Chaositek: У меня оруже был артефакт - нож сприггана
 50676 | Orc:3    | Chaositek: +4, +10 Spriggan's Knife {EV+4 Dex+4 MR Stealth++}
 50798 | Orc:4    | Rycklaryybbe: ну ниче так
 50798 | Orc:4    | Rycklaryybbe: не квик блейд конечно
 50798 | Orc:4    | Chaositek: Это лучшее что можно найта дл стаберра человече
 50826 | Orc:4    | Rycklaryybbe: да, наверное
 50826 | Orc:4    | Chaositek: из него можно сделать лардж абоминатора
 50826 | Orc:4    | Chaositek: через твистед
 50826 | Orc:4    | Rycklaryybbe: но для не только стабера все же лучше квик блейд
 50826 | Orc:4    | Chaositek: неа
 50834 | Orc:4    | Chaositek: Скорость тут не имеет занчения
 50834 | Orc:4    | Rycklaryybbe: имеет!
 50834 | Orc:4    | Rycklaryybbe: огромное
 50834 | Orc:4    | Rycklaryybbe: я чаще бью, урон больше
 50834 | Orc:4    | Rycklaryybbe: а еще и с пейном..............
 50834 | Orc:4    | Rycklaryybbe: ножи сприганов такой дамаг и не снился
 50834 | Orc:4    | Rycklaryybbe: просто не снился
 50834 | Orc:4    | Rycklaryybbe: никогда
 50834 | Orc:4    | Rycklaryybbe: :)
 50834 | Orc:4    | Chaositek: ну я то про стаб говорю
 50834 | Orc:4    | Rycklaryybbe: а я не только про стаб
 50834 | Orc:4    | Rycklaryybbe: я именон хочу перса, который будет и без стаба нормально драться
 50834 | Orc:4    | Chaositek: тогда тебе в мечи надо переходить
 50835 | Orc:4    | Rycklaryybbe: в какие?
 50835 | Orc:4    | Chaositek: Против хайдефенца ты даже кником ничего не сделаешь
 50835 | Orc:4    | Chaositek: Long blades
 50835 | Orc:4    | Rycklaryybbe: я понимаю
 50835 | Orc:4    | Rycklaryybbe: но пока кагбэ нет ничего
 50835 | Orc:4    | Chaositek: Они кросстрейнятся с даггерами
 50835 | Orc:4    | Rycklaryybbe: и что мне бегать с лонг свордом что ли?
 50840 | Orc:4    | Chaositek: ага
 50840 | Orc:4    | Chaositek: и качать его
 50840 | Orc:4    | Rycklaryybbe: лол
 50840 | Orc:4    | Chaositek: Но стаб будет слабее
 50840 | Orc:4    | Chaositek: гораздо
 50840 | Orc:4    | Rycklaryybbe: ты понимаешь, что ты мне советуешь?)
 50840 | Orc:4    | Rycklaryybbe: лишиться стаба и ходить с говном
 50840 | Orc:4    | Rycklaryybbe: вместо того, что бы нормально всех чикать своей ковырялочкой
 50840 | Orc:4    | Chaositek: Я вообще не советую пробывать файтера делать
 50840 | Orc:4    | Rycklaryybbe: я и не пытаюсь
 50840 | Orc:4    | Rycklaryybbe: у меня есть перс мечты
 50840 | Orc:4    | Chaositek: Поверь я пробывал поковырять меннаса своим квиблейдом +6 дрейна
 50840 | Orc:4    | Chaositek: Непомогло
 50840 | Orc:4    | Rycklaryybbe: стабер-некромант, который может и без стаба убить
 50840 | Orc:4    | Rycklaryybbe: ну ты сравнил
 50840 | Orc:4    | Rycklaryybbe: дрейн это говно бренд для хайлевелов
 50840 | Orc:4    | Rycklaryybbe: он хорош пока ты маленький :)
 50840 | Orc:4    | Chaositek: Как и пейн
 50840 | Orc:4    | Chaositek: лол
 50840 | Orc:4    | Rycklaryybbe: лол
 50840 | Orc:4    | Rycklaryybbe: пейн это сило
 50840 | Orc:4    | Chaositek: Неа
 50840 | Orc:4    | Rycklaryybbe: ты в курсе, что урон пейна растет от скила некромантии?
 50840 | Orc:4    | Chaositek: + rN и твой пейн соснул
 50840 | Orc:4    | Rycklaryybbe: если у тебя некромантия 1, то и пейн говно
 50840 | Orc:4    | Rycklaryybbe: да, но квикблейд все еще стабает)
 50840 | Orc:4    | Rycklaryybbe: и я, если доживу, надеюсь стабануть меннаса этого
 50840 | Orc:4    | Rycklaryybbe: но я вряд ли доживу, по крайней мере этим персом)
 50840 | Orc:4    | Chaositek: Пейн коннечно лучше чем дрэйг
 50840 | Orc:4    | Chaositek: дрэйн
 50840 | Orc:4    | Rycklaryybbe: конечно лучше
 50840 | Orc:4    | Rycklaryybbe: но приу словии что у тебя некромантия раскачена
 50840 | Orc:4    | Rycklaryybbe: а я ее качаю потихоньку
 50840 | Orc:4    | Chaositek: Думаешь ваншотнишь его? Ты знаешь что у него аура света вокруг которая стелс снижает а бегает он как спригган, я буду очень рад если ты за меня поквитаешься
 50840 | Orc:4    | Rycklaryybbe: я его в глаза не видел
 50840 | Orc:4    | Rycklaryybbe: не забывай, я вампир))
 50840 | Orc:4    | Chaositek: Надеюсь ты его не встретишь
 50840 | Orc:4    | Rycklaryybbe: стелс 27, блуднесс..
 50840 | Orc:4    | Rycklaryybbe: еще всякие шмотки на стелс, какие найду)
 50840 | Orc:4    | Chaositek: Ты не заметил что стелс не всегда помогает?
 50840 | Orc:4    | Chaositek: Так будет и дельше
 50840 | Orc:4    | Rycklaryybbe: так он же не 27 пока
 50840 | Orc:4    | Chaositek: у меня 25 был
 50840 | Orc:4    | Rycklaryybbe: ну вот
 50840 | Orc:4    | Chaositek: и у меня были боты ++ стелс
 50840 | Orc:4    | Rycklaryybbe: 27 надо. плюс бескровие вампирское дает мощный буст
 50840 | Orc:4    | Chaositek: он меня сразу заметил
 50840 | Orc:4    | Rycklaryybbe: плюс еще шмотки
 50840 | Orc:4    | Rycklaryybbe: мало стелса))))
 50840 | Orc:4    | Chaositek: и я неар бладлесс был
 50840 | Orc:4    | Rycklaryybbe: очевидно, надо больше
 50840 | Orc:4    | Chaositek: Я даже не уверен что его реально ваншотнуь
 50840 | Orc:4    | Rycklaryybbe: если он спит, то реально :)
 50840 | Orc:4    | Chaositek: 150 hp
 50840 | Orc:4    | Chaositek: вполне реально
 50840 | Orc:4    | Rycklaryybbe: копейки вообще
 50840 | Orc:4    | Chaositek: гидру с 200 хп ваншотил
 50884 | Orc:4    | Bought a scroll of enchant weapon I for 71 gold pieces
 50884 | Orc:4    | Bought a scroll of identify for 26 gold pieces
 50884 | Orc:4    | Bought a scroll of silence for 97 gold pieces
 50885 | Orc:4    | Chaositek: холи ворд можно купить чтобы знать его
 50888 | Orc:4    | Rycklaryybbe: да кстати
 50888 | Orc:4    | Rycklaryybbe: я только сейчас увидел, что он мне вреден)
 50888 | Orc:4    | Bought a scroll of holy word for 97 gold pieces
 51105 | Orc:4    | Chaositek: его первым бей
 51109 | Orc:4    | Chaositek: насаммонит демонов щас
 51110 | Orc:4    | Rycklaryybbe: нравится мне агони
 51123 | Orc:4    | Chaositek: ага половинит хп
 51267 | Orc:4    | Chaositek: если нет резиста а если есть то он бесполезен
 51298 | Orc:4    | Chaositek: можешь вызвать трупы
 51298 | Orc:4    | Chaositek: еще раз прочитать
 51298 | Orc:4    | Rycklaryybbe: и будет две кучи?
 51298 | Orc:4    | Chaositek: будет
 51298 | Orc:4    | Rycklaryybbe: интересно
 51298 | Orc:4    | Rycklaryybbe: попробую обязательно
 51300 | Orc:4    | Chaositek: щас попробуй
 51300 | Orc:4    | Rycklaryybbe: щас нафига?
 51300 | Orc:4    | Chaositek: второго сделаешь
 51302 | Orc:4    | Rycklaryybbe: и к паукам пойти?)
 51302 | Orc:4    | Chaositek: у тебя кусок недодеанный остался
 51302 | Orc:4    | Chaositek: можешь =)
 51302 | Orc:4    | Chaositek: но лучше не надо
 51302 | Orc:4    | Rycklaryybbe: у меня пауки и слаймы в леере...
 51302 | Orc:4    | Chaositek: иди лучше по основному
 51302 | Orc:4    | Chaositek: или в эльвен
 51302 | Orc:4    | Rycklaryybbe: я всегда иду по основному и меня там убивают)
 51302 | Orc:4    | Rycklaryybbe: а в жльвен говорят вообще рано идти_
 51302 | Orc:4    | Chaositek: а там где пауканы не будет крови
 51302 | Orc:4    | Rycklaryybbe: да и пофиг
 51302 | Orc:4    | Chaositek: Эльвен 3 опасен остальные так себе
 51302 | Orc:4    | Rycklaryybbe: ладно загляну к эльфам
 51332 | Elf:1    | Entered Level 1 of the Elven Halls
 51615 | Elf:1    | Rycklaryybbe: не, рановато
 51615 | Elf:1    | Chaositek: угу
 51615 | Elf:1    | Rycklaryybbe: лучники с магами завалят
 51615 | Elf:1    | Chaositek: репел дефлект нужен
 52163 | D:15     | Rycklaryybbe: бляя
 52163 | D:15     | Chaositek: лучше обойди сзади
 52163 | D:15     | Rycklaryybbe: я от него уже убегал
 52163 | D:15     | Rycklaryybbe: он с одной молни ибольше пол хп снял))
 52186 | D:15     | Chaositek: да тут релек нужен
 52186 | D:15     | Rycklaryybbe: и блинка нет
 52186 | D:15     | Rycklaryybbe: ну прям беда :)
 52186 | D:15     | Chaositek: он видит невидимое ?
 52186 | D:15     | Rycklaryybbe: да
 52186 | D:15     | Chaositek: сайленс
 52186 | D:15     | Chaositek: если проснется
 52631 | D:15     | Chaositek: вот всегда так
 52631 | D:15     | Rycklaryybbe: вот сучка
 52631 | D:15     | Chaositek: сайленс читай
 52657 | D:15     | Killed Nikola
 52658 | D:15     | Rycklaryybbe: ха
 52658 | D:15     | Chaositek: так его
 52658 | D:15     | Rycklaryybbe: не такой уж он и крутой)
 52660 | D:15     | Chaositek: угу
 52661 | D:15     | Chaositek: пока есть рез к электричеству
 52681 | D:15     | Chaositek: тоже чтоли сыгрануть
 52920 | D:15     | Rycklaryybbe: сыграй че
 52920 | D:15     | Rycklaryybbe: попробуй за дракона
 52920 | D:15     | Rycklaryybbe: они клевые)
 53430 | D:16     | Noticed Agnes
 53436 | D:16     | Killed Agnes
 53526 | D:16     | Found Breg's General Store.
 53538 | D:16     | Bought a scroll of fog for 28 gold pieces
 53538 | D:16     | Bought a scroll of recharging for 77 gold pieces
 53538 | D:16     | Bought a scroll of fear for 49 gold pieces
 53595 | D:16     | Noticed Rupert
 53621 | D:16     | Killed Rupert
 53629 | D:16     | Learned a level 5 spell: Dispel Undead
 53693 | D:16     | Reached XP level 16. HP: 93/110 MP: 31/31
 54088 | D:16     | Noticed Fannar
 54162 | D:16     | Found a basalt altar of Yredelemnul.
 54824 | D:16     | Killed Fannar
 54941 | D:17     | Found Zuguz's Magical Wand Emporium.
 54949 | D:17     | Bought a wand of teleportation (2) for 306 gold pieces
 55065 | D:17     | Found a glowing golden altar of the Shining One.
 55344 | D:17     | Learned a level 4 spell: Animate Dead
 55935 | D:17     | Reached skill level 20 in Stealth
 55978 | D:17     | Found a sparkling altar of Nemelex Xobeh.
 56349 | D:18     | Noticed Jorgrun
 56432 | D:18     | Killed Jorgrun
 56635 | D:18     | Learned a level 1 spell: Apportation
 56638 | D:18     | Learned a level 2 spell: Swiftness
 56950 | D:18     | Noticed Roxanne
 57044 | D:18     | Noticed Louise
 57050 | D:18     | Killed Louise
 57259 | D:18     | Killed Roxanne
 57261 | D:18     | Identified Roxanne's Papyrus of Ashen Transmigration (You took it off Roxanne on level 18 of the Dungeon)
 57875 | D:19     | Reached skill level 21 in Stealth
 58199 | D:19     | Found a staircase to the Vaults.
 58247 | D:19     | Chaositek: Все играешь я вижу, у меня складывается чувство что ты кравл пройдешь раньше меня
 58505 | D:19     | Rycklaryybbe: lol
 58505 | D:19     | Rycklaryybbe: а ты не прошел еще?
 58505 | D:19     | Rycklaryybbe: я думал, ты уже.. перепутал, видать
 58505 | D:19     | Rycklaryybbe: кравл не сложный имхо
 58505 | D:19     | Rycklaryybbe: мои старшие персы умирали не своей смертью)
 58549 | Vaults:1 | Entered Level 1 of the Vaults
 58746 | Vaults:1 | Chaositek: я два раза умер в зоте на большее у меня сил пока не хватало, все потому что я не хочу брать легких персов типа Минотавра или дарк эльфа
 58747 | Vaults:1 | Rycklaryybbe: у меня висит визард
 58747 | Vaults:1 | Rycklaryybbe: мощный
 58747 | Vaults:1 | Rycklaryybbe: я его тупо бросил)
 58747 | Vaults:1 | Chaositek: ЧТо так?
 58747 | Vaults:1 | Rycklaryybbe: не интересно
 58747 | Vaults:1 | Chaositek: ЧТобы не умерал7
 58747 | Vaults:1 | Rycklaryybbe: я не играю им
 58747 | Vaults:1 | Rycklaryybbe: мне не интересно
 58747 | Vaults:1 | Chaositek: Ну он и не умрет же =D
 58747 | Vaults:1 | Rycklaryybbe: да и он и ни собирался
 58747 | Vaults:1 | Rycklaryybbe: я выносил все просто
 58747 | Vaults:1 | Rycklaryybbe: собрал пару рун
 58747 | Vaults:1 | Rycklaryybbe: скукота
 58747 | Vaults:1 | Chaositek: Было у меня такое мой первый энчантер 27 левела заебал меня и я его убил в зоте в чамбере один тайл от орба
 58747 | Vaults:1 | Rycklaryybbe: ибо магия боевая уныла в кравле
 58758 | Vaults:1 | Rycklaryybbe: и после мага и я начал представлять чара, которы бы хотел пройти)
 58758 | Vaults:1 | Rycklaryybbe: потмо правда была череда драконов
 58758 | Vaults:1 | Rycklaryybbe: монахов
 58758 | Vaults:1 | Chaositek: Я вот создал дракона EE
 58758 | Vaults:1 | Rycklaryybbe: последний 22 левлеа умер.. я его отвел в томб помоему, не помню..
 58758 | Vaults:1 | Chaositek: Слился быстро
 58758 | Vaults:1 | Rycklaryybbe: для ЕЕ гаргули есть
 58758 | Vaults:1 | Rycklaryybbe: просто монстры получаются
 58758 | Vaults:1 | Chaositek: Я не играю этими новыми классами
 58770 | Vaults:1 | Chaositek: Я вижу ты диспел взубрил?
 58785 | Vaults:1 | Chaositek: Как оно тебе?
 58785 | Vaults:1 | Rycklaryybbe: да
 58785 | Vaults:1 | Rycklaryybbe: и разумир эту кучу дерьма
 58785 | Vaults:1 | Rycklaryybbe: разучил
 58785 | Vaults:1 | Chaositek: Ты начинаешь понимать что к чему
 58785 | Vaults:1 | Rycklaryybbe: эти суки закрыли дверь)) походу это пиндец
 58785 | Vaults:1 | Chaositek: убей
 58785 | Vaults:1 | Chaositek: того кто закрыл
 58785 | Vaults:1 | Rycklaryybbe: а кто из них?
 58785 | Vaults:1 | Chaositek: у тебя 6 тп
 58795 | Vaults:1 | Chaositek: Дефлекта еще не нашел?
 58795 | Vaults:1 | Rycklaryybbe: неа
 58799 | Vaults:1 | Chaositek: у меня у вампира эйвейжн был 37
 58828 | Vaults:1 | Chaositek: заметил что кинжал теперь хуже справляется против бронированных целей?
 58856 | Vaults:1 | Chaositek: тормент можешь почитать
 58856 | Vaults:1 | Chaositek: сначала фог
 58856 | Vaults:1 | Rycklaryybbe: я хз что он делает)
 58856 | Vaults:1 | Chaositek: чтобы не стрелял
 58859 | Vaults:1 | Chaositek: он делает больно
 58864 | Vaults:1 | Chaositek: всем у кого нету резита
 58864 | Vaults:1 | Chaositek: у тебя есть
 59881 | Vaults:1 | Rycklaryybbe: мне нужен какой-то магический урон)
 59881 | Vaults:1 | Rycklaryybbe: эирстрайк бы очень непомешал)
 59882 | Vaults:1 | Chaositek: типа фрост болта чтоли?
 59890 | Vaults:1 | Reached skill level 22 in Stealth
 59890 | Vaults:1 | Chaositek: для саммонера и некрыча айрстрайк ничего так идет
 59890 | Vaults:1 | Reached XP level 17. HP: 102/116 MP: 26/33
 59915 | Vaults:1 | Chaositek: потому как напрямую бьет даже если вокруг петы ме=ешают
 59926 | Vaults:1 | Reached skill level 15 in Necromancy
 60106 | Vaults:1 | Rycklaryybbe: хмм
 60106 | Vaults:1 | Chaositek: можно юзануть если сытый
 60106 | Vaults:1 | Chaositek: на элайве 100% подействует
 60106 | Vaults:1 | Chaositek: можно засмоннит трупаков и выпить их
 60106 | Vaults:1 | Rycklaryybbe: щас так и сделаю наверное
 60106 | Vaults:1 | Chaositek: Впервые вижу такое зелье, этот мод не перестает удивлять
 60106 | Vaults:1 | Rycklaryybbe: может robust какой-нить поймаю
 60106 | Vaults:1 | Rycklaryybbe: да ладно?
 60106 | Vaults:1 | Chaositek: угу
 60106 | Vaults:1 | Rycklaryybbe: часто попадается :)
 60106 | Vaults:1 | Chaositek: В оригинале такого неть
 60106 | Vaults:1 | Rycklaryybbe: а, в 12 его нет?
 60106 | Vaults:1 | Chaositek: угу
 60106 | Vaults:1 | Rycklaryybbe: я сам игарл в 12 вначале
 60106 | Vaults:1 | Rycklaryybbe: а потом решил попробовал гаргулю
 60106 | Vaults:1 | Chaositek: только просту мутэйшн
 60106 | Vaults:1 | Rycklaryybbe: и затянуло)
 60107 | Vaults:1 | Chaositek: я играл вообще в почти все версии
 60119 | Vaults:1 | Chaositek: потом на долго забросил и снова вернулся
 60148 | Vaults:1 | Chaositek: як
 60153 | Vaults:1 | Chaositek:
 60156 | Vaults:1 | Chaositek: наверху
 60212 | Vaults:1 | Chaositek: давай еще
 60219 | Vaults:1 | Gained mutation: Your mind is acute (Int +1). [potion of beneficial mutation]
 60220 | Vaults:1 | Rycklaryybbe: ниче особого
 60232 | Vaults:1 | Chaositek: я был бы счастлив д жопы
 60235 | Vaults:1 | Rycklaryybbe: да че там?
 60235 | Vaults:1 | Rycklaryybbe: 10 маны, при моей 26 это вообще ничто =)
 60235 | Vaults:1 | Chaositek: просто в оригинале обычно все хреново
 60235 | Vaults:1 | Rycklaryybbe: +1 инт..
 60235 | Vaults:1 | Rycklaryybbe: я заметил, что от обычных поушенов мутации толку больше)
 60247 | Vaults:1 | Chaositek: кстати быстрый способ похудеть вампиру юзать заклинания которые много хангра стоят
 60282 | Vaults:1 | Chaositek: пей =D
 60282 | Vaults:1 | Rycklaryybbe: а вот и мутация)))
 60282 | Vaults:1 | Rycklaryybbe: без лечения не буду)
 60282 | Vaults:1 | Chaositek: Только хардкор
 60282 | Vaults:1 | Rycklaryybbe: это мелким можно рисоквать)
 60282 | Vaults:1 | Rycklaryybbe: а тут не охота
 60282 | Vaults:1 | Rycklaryybbe: поймаю потерю статов...
 60282 | Vaults:1 | Rycklaryybbe: у вампира и так статы с левелами не идут)
 60282 | Vaults:1 | Chaositek: СРазу страшно стало =D
 60307 | Vaults:1 | Rycklaryybbe: не оправданный риск просто
 60307 | Vaults:1 | Chaositek: Раз в 4 по выбору помоему
 60311 | Vaults:1 | Rycklaryybbe: да, но это все
 60311 | Vaults:1 | Rycklaryybbe: расовых нет
 60323 | Vaults:1 | Chaositek: странно что у гуля рассово сила качается хотя он тоже нежить
 60373 | Vaults:1 | Rycklaryybbe: вампиры не нежить) они и там и там)
 60373 | Vaults:1 | Rycklaryybbe: очень гибкие ребята
 60373 | Vaults:1 | Rycklaryybbe: поэтому и люблю их
 60389 | Vaults:1 | Chaositek: Я тоже за это люблю их
 60448 | Vaults:1 | Chaositek: Но вот к холи у них больша конечно уязвимость, это проблема
 60466 | Vaults:1 | Chaositek: Вообще в КРавле лучше всех вампиры реализованны
 60466 | Vaults:1 | Rycklaryybbe: у всех крутых есть уязвимость :)
 60466 | Vaults:1 | Rycklaryybbe: согласен
 60466 | Vaults:1 | Chaositek: Кроме Демигода
 60466 | Vaults:1 | Rycklaryybbe: октоподы еще не плохо
 60466 | Vaults:1 | Chaositek: Угу
 60480 | Vaults:1 | Chaositek: Кошки тоже ничего =)
 60480 | Vaults:1 | Rycklaryybbe: ой, кошки)
 60480 | Vaults:1 | Chaositek: Играл?
 60480 | Vaults:1 | Rycklaryybbe: конечно)
 60480 | Vaults:1 | Rycklaryybbe: даже до леера доходил)
 60480 | Vaults:1 | Chaositek: из них неплохие маги и стабберы получаются
 60480 | Vaults:1 | Rycklaryybbe: а ассасином играл)
 60480 | Vaults:1 | Rycklaryybbe: набрасывался на огров из-за угла)))
 60612 | Vaults:1 | Rycklaryybbe: на ловушках умирал
 60612 | Vaults:1 | Rycklaryybbe: все как положено
 61336 | Vaults:2 | Noticed Mara
 61342 | Vaults:2 | Noticed Mara
 61343 | Vaults:1 | Chaositek: Мара вспомнил The Elder scrolls
 61399 | Vaults:2 | Noticed Snorg
 61404 | Vaults:2 | Killed Snorg
 61573 | Vaults:2 | Killed Mara
 61573 | Vaults:2 | Reached skill level 23 in Stealth
 61596 | Vaults:2 | Your ally Snorg died
 61598 | Vaults:2 | Noticed Jory
 61625 | Vaults:2 | Rycklaryybbe: думал обычный вампир)))
 61662 | Vaults:2 | Chaositek: lol
 61662 | Vaults:2 | Chaositek: Ты убил его?
 61714 | Vaults:1 | Rycklaryybbe: нет)
 61714 | Vaults:1 | Rycklaryybbe: у меня как-то быстро пропало пол хп и я решил уйти)
 61866 | Vaults:2 | Chaositek: Впервые его вижу
 61866 | Vaults:2 | Chaositek: но он был и раньше
 61896 | Vaults:2 | Chaositek: Вот почему я люблю роуглайки
 61903 | Vaults:2 | Chaositek: Каждый раз все по другому
 61935 | Vaults:2 | Chaositek: Этого джори лего диспелом вальнуть
 62324 | Vaults:2 | Killed Jory
 62380 | Vaults:2 | Rycklaryybbe: ох разорвало
 62380 | Vaults:2 | Chaositek: погеж лог
 62380 | Vaults:2 | Chaositek: пропустил
 62380 | Vaults:2 | Rycklaryybbe: интересно как кровища эта показано без тайлов
 62380 | Vaults:2 | Rycklaryybbe: кстати
 62380 | Vaults:2 | Rycklaryybbe: lol
 62381 | Vaults:2 | Chaositek: ?
 62381 | Vaults:2 | Rycklaryybbe: а че, нормуль)
 62381 | Vaults:2 | Rycklaryybbe: тебе видно?
 62381 | Vaults:2 | Rycklaryybbe: без тайлов)
 62382 | Vaults:2 | Chaositek: неа
 62382 | Vaults:2 | Rycklaryybbe: а
 62382 | Vaults:2 | Chaositek: попробую перезайти
 62382 | Vaults:2 | Rycklaryybbe: тут включается
 62387 | Vaults:2 | Chaositek: не работает
 62387 | Vaults:2 | Chaositek: =)
 62387 | Vaults:2 | Rycklaryybbe: ага
 62387 | Vaults:2 | Rycklaryybbe: это только у меня видно)
 62387 | Vaults:2 | Chaositek: ты джори убил?
 62387 | Vaults:2 | Rycklaryybbe: да
 62389 | Vaults:2 | Chaositek: ctrl+p
 62396 | Vaults:2 | Chaositek: круто
 62396 | Vaults:2 | Rycklaryybbe: хм
 62396 | Vaults:2 | Chaositek: Он должен был что то охранять
 62396 | Vaults:2 | Rycklaryybbe: убил и убил
 62396 | Vaults:2 | Rycklaryybbe: 4 или 5 диспелов и лопнул
 62577 | Vaults:2 | Chaositek: написано что ядом ваулт его должен быть
 62591 | Vaults:2 | Chaositek: но походу нет тут нихера
 63056 | Vaults:2 | Found Ezxaj's Magical Wand Shoppe.
 63059 | Vaults:2 | Chaositek: Самый крутая нежить это Profane Servitor - Ангел-нежить
 63063 | Vaults:2 | Bought a wand of disintegration (16) for 240 gold pieces
 63063 | Vaults:2 | Bought a wand of disintegration (9) for 156 gold pieces
 63064 | Vaults:2 | Chaositek: У него даже к холи есть резист
 63079 | Vaults:2 | Rycklaryybbe: круто)
 63141 | Vaults:2 | Chaositek: Его Ередемнул дает
 63531 | Vaults:2 | Rycklaryybbe: кстати очень шаровый класс дет кнайт
 63531 | Vaults:2 | Rycklaryybbe: я думаю им реально вообзе без напряга пройти)
 63531 | Vaults:2 | Chaositek: Действительно хорош
 63531 | Vaults:2 | Rycklaryybbe: я только начал играть, вообще ничего не знал, умирал до храма, взял минотавра дет найта и прошел леер))
 63531 | Vaults:2 | Rycklaryybbe: его эти подарочные рабы
 63531 | Vaults:2 | Chaositek: Особенно энслейв соул
 63531 | Vaults:2 | Rycklaryybbe: плюс зеркалка дамага
 63531 | Vaults:2 | Chaositek: можно захватить душу мощного босса
 63531 | Vaults:2 | Chaositek: и с ним ходить
 63531 | Vaults:2 | Rycklaryybbe: я качал миноатвру файтинг, много хп, и зеркалил дамаг -- все дохнет)
 63531 | Vaults:2 | Rycklaryybbe: да, я ходил с такими
 63531 | Vaults:2 | Rycklaryybbe: а умер, потому что пошел туда, куда мне рано было)
 63531 | Vaults:2 | Rycklaryybbe: если знать куда и за чем идти..
 63659 | Vaults:3 | Rycklaryybbe: ничего массового нет, увы
 63665 | Vaults:3 | Chaositek: арбалет это реально больно
 63666 | Vaults:3 | Rycklaryybbe: да
 63667 | Vaults:3 | Chaositek: Больнее только копья и топоры
 63667 | Vaults:3 | Chaositek: Ты текстовом играешь?
 63667 | Vaults:3 | Rycklaryybbe: нет
 63667 | Vaults:3 | Rycklaryybbe: тайлами
 63667 | Vaults:3 | Chaositek: Тайлы тут кстати тоже одни из лучших
 63667 | Vaults:3 | Chaositek: тайлы в АДОМЕ мне не понравились
 63667 | Vaults:3 | Rycklaryybbe: они красивые, но я играю без них)
 63667 | Vaults:3 | Rycklaryybbe: адом красив без тайлов
 63667 | Vaults:3 | Rycklaryybbe: все так аккуратно
 63667 | Vaults:3 | Rycklaryybbe: остальные рогалики просто убожество
 63667 | Vaults:3 | Chaositek: меня бесит что я играю за мага а тайловый персонаж рыцарь какой то
 63667 | Vaults:3 | Rycklaryybbe: ну так это ж пре пре пре пре релиз)
 63667 | Vaults:3 | Chaositek: Кравл кстати текстовый тоже красив
 63667 | Vaults:3 | Rycklaryybbe: официально все будет четко
 63667 | Vaults:3 | Rycklaryybbe: кравл не самый плохой, правда
 63667 | Vaults:3 | Rycklaryybbe: вот ДФ.. )))
 63667 | Vaults:3 | Rycklaryybbe: даже играющие в рогалик начинают нервничать
 63669 | Vaults:3 | Chaositek: Дф шикарная вещь но я дальше посройки пещеры не выдержал
 63683 | Vaults:3 | Rycklaryybbe: там пещера строится всю игру :))
 63683 | Vaults:3 | Rycklaryybbe: что ты имеешт ввиду?
 63686 | Vaults:3 | Chaositek: К тому же мне английского немного не хватает чтобы разбираться со всеми ньюанцами
 64074 | Vaults:3 | Chaositek: Имею ввиду примитивную пещеру почти без комнат
 64077 | Vaults:3 | Reached skill level 24 in Stealth
 64078 | Vaults:3 | Rycklaryybbe: т.е. ты просто выкопал пару комнат и все?)
 64078 | Vaults:3 | Rycklaryybbe: лол
 64078 | Vaults:3 | Rycklaryybbe: считай ты не играл в дф
 64078 | Vaults:3 | Rycklaryybbe: там когда просекаешь фишку с мезанизмами...
 64078 | Vaults:3 | Rycklaryybbe: нажимными плитами..
 64078 | Vaults:3 | Rycklaryybbe: рычагами..
 64078 | Vaults:3 | Rycklaryybbe: у меня там были чудесные лабиринты с ловушками для монстров
 64078 | Vaults:3 | Rycklaryybbe: все автоматизировано)
 64078 | Vaults:3 | Chaositek: =)
 64078 | Vaults:3 | Rycklaryybbe: ловил драконов живьем
 64078 | Vaults:3 | Rycklaryybbe: потом на арене выставлял лучших бойцов
 64078 | Vaults:3 | Rycklaryybbe: против него)
 64078 | Vaults:3 | Rycklaryybbe: да ты что..
 64078 | Vaults:3 | Chaositek: а потом у одного дворфа умерла кошка и замок охватило безумие?
 64078 | Vaults:3 | Rycklaryybbe: дф, это просто лучшее
 64078 | Vaults:3 | Rycklaryybbe: не)
 64078 | Vaults:3 | Rycklaryybbe: с кошками нет проблем
 64078 | Vaults:3 | Chaositek: Я слышал такое тоже бывает
 64078 | Vaults:3 | Rycklaryybbe: это все дурные фантазии
 64078 | Vaults:3 | Rycklaryybbe: ну, можно и хер сломать =)
 64078 | Vaults:3 | Chaositek: Я уважаю ДФ но пожалуй пропущу его мимо
 64078 | Vaults:3 | Rycklaryybbe: тут главное следить за популяцией кошек
 64078 | Vaults:3 | Rycklaryybbe: и вовремя отдавать из на пирожки
 64078 | Vaults:3 | Chaositek: =)
 64100 | Vaults:3 | Rycklaryybbe: я сам ДФ бросил...
 64100 | Vaults:3 | Rycklaryybbe: очень затягивает
 64100 | Vaults:3 | Rycklaryybbe: столько всего сразу хочется сделать)
 64100 | Vaults:3 | Rycklaryybbe: я и отыгрывал наземных дфаров
 64100 | Vaults:3 | Rycklaryybbe: все толкьо из дерева
 64100 | Vaults:3 | Rycklaryybbe: строил форт)
 64100 | Vaults:3 | Chaositek: а ппотом он сгорел?
 64100 | Vaults:3 | Rycklaryybbe: охота, собирательство, рыбалка, урожай..
 64100 | Vaults:3 | Rycklaryybbe: нет, я играл с нежитью..
 64100 | Vaults:3 | Rycklaryybbe: там личи всякие, драконы)
 64100 | Vaults:3 | Chaositek: Дворфы зомби =D
 64100 | Vaults:3 | Rycklaryybbe: не так то просто обороняться на верху
 64100 | Vaults:3 | Rycklaryybbe: игра то расчитана на данжи)
 64206 | Vaults:3 | Reached XP level 18. HP: 126/126 MP: 31/34
 64232 | Vaults:3 | Found a staircase to the Crypt.
 64232 | Vaults:3 | Found a basalt altar of Yredelemnul.
 64233 | Vaults:3 | Found an ancient bone altar of Kikubaaqudgha.
 64242 | Vaults:3 | Chaositek: А ты далеко зашел уже... Го крипт ?
 64242 | Vaults:3 | Chaositek: =D
 64242 | Vaults:3 | Rycklaryybbe: во, в крипте я умирал)
 64242 | Vaults:3 | Chaositek: Там кто угодно умерт
 64287 | Vaults:3 | Chaositek: Нужен холи меч какой нить
 64292 | Vaults:3 | Chaositek: всех диспеллить маны не хватит
 64308 | Vaults:3 | Chaositek: у тебя сколько рун уже?
 64310 | Vaults:3 | Rycklaryybbe: я еще не собирал
 64350 | Vaults:3 | Chaositek: ЧТо там у тебя ?
 64354 | Vaults:3 | Chaositek: Нест и слаймПитс?
 64354 | Vaults:3 | Rycklaryybbe: да
 64388 | Vaults:3 | Chaositek: Самая унылая подборка
 64390 | Vaults:3 | Rycklaryybbe: согласен
 64390 | Vaults:3 | Chaositek: а шоалс или свомп?
 64487 | Vaults:3 | Rycklaryybbe: были в прошлый раз)
 64532 | Vaults:3 | Chaositek: айрон сложный
 64573 | Vaults:3 | Chaositek: изза брони
 64861 | Vaults:3 | Found Morr's Food Boutique.
 64907 | Vaults:3 | Found Braxeoha's Antique Weapon Shoppe.
 65031 | Vaults:3 | Chaositek: резист кор нужен для слайма
 65226 | Vaults:3 | Chaositek: вали его диспелом
 65230 | Vaults:3 | Reached skill level 10 in Spellcasting
 65725 | Vaults:3 | Found Smoupona's General Store.
 65733 | Vaults:3 | Chaositek: сколько уже играешь по времени:
 65733 | Vaults:3 | Chaositek: shift+e
 65733 | Vaults:3 | Rycklaryybbe: ну это не чистое время))
 65733 | Vaults:3 | Chaositek: Быстро однако
 65733 | Vaults:3 | Rycklaryybbe: тут и еда и тд
 65744 | Vaults:3 | Chaositek: мой знакомый свой первый асценд за 8 часов сделал
 65749 | Vaults:3 | Rycklaryybbe: три руны реально за 8 часов
 65749 | Vaults:3 | Chaositek: Мерфолк Воин Шайнинг Вана с трезубцем ходил
 65749 | Vaults:3 | Rycklaryybbe: народ вот за 2 часа проохдит
 65762 | Vaults:3 | Rycklaryybbe: меня бесят всякие мерфолки0
 65765 | Vaults:3 | Chaositek: Вампиром за 2 часа не пройти
 65779 | Vaults:3 | Rycklaryybbe: само собой)
 65790 | Vaults:3 | Chaositek: доолго он качается очень
 66244 | Vaults:3 | Noticed a golden dragon
 66259 | Vaults:3 | Rycklaryybbe: хмм
 66259 | Vaults:3 | Rycklaryybbe: сильный чел
 66259 | Vaults:3 | Rycklaryybbe: дракончег)
 66259 | Vaults:3 | Chaositek: Самый сильный дракон в игре
 66259 | Vaults:3 | Chaositek: с него голд драгон армор можно сделать
 66259 | Vaults:3 | Rycklaryybbe: блл
 66259 | Vaults:3 | Rycklaryybbe: знал бы, убежал бы )
 66259 | Vaults:3 | Chaositek: тормент?
 66267 | Vaults:3 | Chaositek: блинк
 66274 | Vaults:3 | Chaositek: телепорт?
 66274 | Vaults:3 | Rycklaryybbe: наверное да.. но стремно
 66274 | Vaults:3 | Chaositek: успеешь ли
 66274 | Vaults:3 | Chaositek: былбы дефлект
 66274 | Vaults:3 | Chaositek: может фир?
 66274 | Vaults:3 | Rycklaryybbe: далековато он
 66274 | Vaults:3 | Chaositek: все в области виденья подвергаются
 66274 | Vaults:3 | Chaositek: ?
 66274 | Vaults:3 | Chaositek: Можешь помолится богу но он нифига тебе не сделает, это же не адом
 66274 | Vaults:3 | Rycklaryybbe: увы)
 66274 | Vaults:3 | Rycklaryybbe: сейчас бы хил не помешал
 66335 | Vaults:3 | Chaositek: омг
 66343 | Vaults:3 | Chaositek: свифт шумит кстати
 66363 | Vaults:3 | Chaositek: лучше рукопашку навяжи магу
 66379 | Vaults:2 | Chaositek: уфф
 66924 | Vaults:2 | Chaositek: that was close
 66953 | Vaults:3 | Chaositek: Its too late now, Im gonna sleep, Good Night.
 66953 | Vaults:3 | Rycklaryybbe: gn
 66964 | Vaults:3 | Chaositek: Good luck
 67668 | Spider:1 | Entered Level 1 of the Spider Nest
 68061 | Shoals:1 | Entered Level 1 of the Shoals
 68756 | Shoals:2 | Reached skill level 25 in Stealth
 68771 | Shoals:2 | Noticed Aizul
 68781 | Shoals:2 | Killed Aizul
 68909 | Shoals:2 | Noticed Polyphemus
 68932 | Shoals:2 | Killed Polyphemus
 68932 | Shoals:2 | Reached skill level 15 in Dodging
 69652 | Shoals:2 | Noticed Donald
 69677 | Shoals:2 | Killed Donald
 70471 | Shoals:3 | Reached skill level 1 in Charms
 70788 | Shoals:4 | HP: 5/128 [harpy (6)]
 70789 | Shoals:4 | Slain by a harpy

Action                   |  1- 3 |  4- 6 |  7- 9 | 10-12 | 13-15 | 16-18 || total
-------------------------+-------+-------+-------+-------+-------+-------++-------
Melee: Dagger            |   112 |    68 |     2 |       |       |       ||   182
       Short sword       |       |   125 |   439 |  1217 |  1230 |       ||  3011
       Unarmed           |       |    29 |     4 |       |       |       ||    33
       Falchion          |       |       |    74 |    14 |    12 |       ||   100
       Long sword        |       |       |    20 |     3 |       |       ||    23
       Sabre             |       |       |       |    95 |       |       ||    95
       Quick blade       |       |       |       |       |  1189 |  1664 ||  2853
 Fire: Blowgun           |       |       |       |    14 |       |       ||    14
Throw: Dart              |     4 |       |       |       |       |       ||     4
 Cast: Corona            |    13 |     3 |     1 |     7 |    29 |    15 ||    68
       Ensorcelled Hiber |    10 |    22 |    28 |   215 |   154 |   104 ||   533
       Confuse           |       |     4 |    26 |   107 |   119 |    81 ||   337
       Sure Blade        |       |       |     3 |     4 |    28 |     8 ||    43
       Invisibility      |       |       |       |     1 |    10 |     4 ||    15
       Agony             |       |       |       |       |    28 |    12 ||    40
       Pain              |       |       |       |       |     6 |       ||     6
       Twisted Resurrect |       |       |       |       |     2 |       ||     2
       Animate Dead      |       |       |       |       |       |    46 ||    46
       Dispel Undead     |       |       |       |       |       |    20 ||    20
       Swiftness         |       |       |       |       |       |     8 ||     8
Invok: Receive Corpses   |       |       |       |       |       |     3 ||     3
 Abil: End Transformatio |       |     1 |     2 |       |     2 |       ||     5
       Bat Form          |       |     1 |     2 |       |     2 |       ||     5
       Bottle Blood      |       |       |     1 |    23 |    15 |    21 ||    60
Evoke: Miscellaneous     |       |       |       |    17 |       |     6 ||    23
       Wand              |       |       |       |    14 |    14 |     3 ||    31
  Use: Potion            |       |     1 |     7 |    18 |    14 |    17 ||    57
       Scroll            |       |       |    13 |    20 |    29 |    20 ||    82
 Stab: Sleeping          |     7 |    15 |    36 |   139 |   230 |   165 ||   592
       Distracted        |       |     2 |     4 |     7 |    12 |     9 ||    34
       Confused          |       |     1 |    10 |    50 |    40 |    38 ||   139
       Invisible         |       |       |       |     5 |    25 |    20 ||    50
       Fleeing           |       |       |       |       |     5 |     1 ||     6
       Held in net/web   |       |       |       |       |       |     1 ||     1
